 Dungeon Crawl Stone Soup version bcrawl-1.38.1 (webtiles) character file.

Game seed: 16852541243026152964

14618875 Artagas the Hand of Fortune (level 26, 162/185 HPs)
             Began as a High Elf Chaos Knight on Mar 31, 2023.
             Was the Champion of Nemelex Xobeh.
             Escaped with the Orb
             ... and 3 runes on Apr 1, 2023!
             The game lasted 03:46:26 (66891 turns).

Artagas the Hand of Fortune (HECK)                 Turns: 66891, Time: 03:46:27

Health: 162/185    AC: 44    Str: 19      XL:     26   Next: 71%
Magic:  38/38      EV: 28    Int: 21 (22) God:    Nemelex Xobeh [******]
Gold:   1488       SH: 15    Dex: 22      Spells: 53/55 levels left

rFire    + + .     GDR:     44% a - +9 great sword (slice)
rCold    + + +     SeeInvis +   (shield currently unavailable)
rNeg     + . .     Gourm    .   j - +5 shadow dragon scales
rPois    +         Faith    .   O - +2 hat {SInv}
rElec    +         Spirit   .   D - +4 dragonskin cloak
rCorr    +         Reflect  +   l - +1 pair of gloves
MR       +++..                  x - +1 pair of boots of Dogma {rC+}
Stlth    +.........             i - +6 amulet of reflection
HPRegen  0.80/turn              p - +5 ring of protection
MPRegen  0.26/turn              r - ring of Opron Kenk {rC+ MR+ EV+5 Dex+2}

@: no status effects
A: obsessive focus, claws 1, fangs 1, horns 1, icy blue scales 1, molten scales
1, rugged brown scales 1, blurry vision 2, clumsy 2, cold resistance 2, deformed
body, dopey 2, fire resistance 2, frail 2, low mp 1, sense surroundings 1,
poison resistance, regeneration 1, shaggy fur 1, electricity resistance,
evolution 1, subdued magic 1, MP-powered wands
0: Orb of Zot
}: 3/15 runes: serpentine, silver, gossamer
a: Draw Escape, Draw Destruction, Draw Summoning, Draw Stack, Triple Draw, Deal
Four, Stack Five, Renounce Religion


You escaped.
You worshipped Nemelex Xobeh.
Nemelex Xobeh was exalted by your worship.
You were full.

You visited 10 branches of the dungeon, and saw 41 of its levels.
You also visited: Ice Cave.

You collected 6397 gold pieces.
You spent 4909 gold pieces at shops.

Inventory:

Hand Weapons
 a - a +9 great sword of slicing (weapon)
   (You found it on level 11 of the Dungeon)
 b - the +7 Singing Sword {slice}
   (You acquired it on level 5 of the Depths)

   It will always inflict at least some extra damage.
   This minimum extra damage increases with your current reserve of magical
   power.
Missiles
 f - 779 poisoned tomahawks
 u - 3 throwing nets {=f}
 P - 651 javelins (quivered)
Armour
 j - +5 shadow dragon scales (worn)
   (You found it on level 3 of the Vaults)
 l - a +1 pair of gloves (worn)
   (You bought it in a shop on level 2 of the Depths)
 x - the +1 pair of boots of Dogma (worn) {rC+}
   (You found it on level 3 of the Vaults)

   It protects you from cold.
 D - the +4 dragonskin cloak (worn)
   (You found it on level 4 of the Realm of Zot)
 O - a +2 hat of see invisible (worn)
   (You found it in an ice cave)
 Z - a +2 cloak of magic resistance
   (You took it off Maurice on level 10 of the Dungeon)
Jewellery
 i - a +6 amulet of reflection (around neck)
   (You took it off an ironheart preserver on level 3 of the Vaults)
 k - an uncursed ring of resist corrosion
   (You found it on level 11 of the Dungeon)
 m - an uncursed ring of protection from magic
   (You found it on level 8 of the Dungeon)
 p - a +5 ring of protection (left hand)
   (You bought it in a shop in the Orcish Mines)
 r - the ring of Opron Kenk (right hand) {rC+ MR+ EV+5 Dex+2}
   (You took it off an ironheart convoker on level 2 of the Vaults)

   [ring of evasion]

   It affects your evasion (+5).
   It affects your dexterity (+2).
   It protects you from cold.
   It affects your resistance to hostile enchantments.
 y - the ring "Saxiss" {+Fly rElec Int-4 Dex+3}
   (You bought it in a shop on level 1 of the Vaults)

   [ring of flight]

   It affects your intelligence (-4).
   It affects your dexterity (+3).
   It insulates you from electricity.
   It lets you fly.
 A - an uncursed ring of fire
   (You bought it in a shop in the Orcish Mines)
 Q - a +6 ring of intelligence
   (You took it off a red draconian on level 4 of the Realm of Zot)
Wands
 v - a wand of digging (7)
   (You found it on level 1 of the Snake Pit)
 B - a wand of acid (28)
   (You found it on level 1 of the Lair of Beasts)
 C - a wand of charming (37)
   (You found it on level 1 of the Lair of Beasts)
 G - a wand of iceblast (30)
   (Xom gifted it to you on level 1 of the Spider Nest)
 N - a wand of scattershot (19)
   (Xom gifted it to you on level 10 of the Dungeon)
 S - a wand of paralysis (16)
   (You took it off Rupert on level 11 of the Dungeon)
 U - a wand of clouds (5)
   (You found it on level 1 of the Spider Nest)
Scrolls
 g - 3 scrolls of noise
 o - 5 scrolls of fog
 t - 18 scrolls of teleportation
 E - 4 scrolls of blinking
 F - 4 scrolls of immolation
 J - 5 scrolls of fear
 R - 31 scrolls of remove curse
Potions
 c - 16 potions of mutation
 d - 2 potions of might
 h - a potion of haste
 n - 6 potions of resistance
 q - 7 potions of curing
 s - 2 potions of agility
 w - 9 potions of heal wounds
 z - 3 potions of berserk rage
 H - 2 potions of invisibility
 I - 5 potions of flight
 K - 5 potions of lignification
 M - 2 potions of magic
 T - 2 potions of cancellation
 W - 3 potions of ambrosia
 X - 8 potions of brilliance
Miscellaneous
 L - a fan of gales (2/2)
   (You found it on level 4 of the Lair of Beasts)
 V - 2 boxes of beasts
Comestibles
 e - 39 rations {!d}


   Skills:
 + Level 21.9 Fighting
 - Level 20.0 Long Blades
 - Level 13.0 Throwing
 + Level 18.7 Armour
 + Level 19.1 Dodging
   Level 5.0 Unarmed Combat
 - Level 15.0 Spellcasting
 O Level 27 Invocations


You had 53 spell levels left.
You knew the following spells:

 Your Spells              Type           Power        Failure   Level  Hunger
a - Song of Slaying       Chrm           ##......     22%         2    None

Your spell library contained the following spells:

 Spells                   Type           Power        Failure   Level  Hunger
 Apportation              Tloc           ##....       16%         1    None
 Blink Other              Tloc           ##....       16%         1    None
 Corona                   Hex            ##.....      16%         1    None
 Infusion                 Chrm           ##......     16%         1    None
 Sandblast                Erth           ##....       16%         1    None
 Slow                     Hex            ##......     16%         1    None
 Static Discharge         Air            ##....       16%         1    None
 Summon Butterflies       Summ           ##......     16%         1    None
 Blink                    Tloc           N/A          22%         2    None
 Ensorcelled Hibernation  Hex/Ice        ##....       22%         2    None
 Passwall                 Tmut/Erth      ##......     22%         2    None
 Shock                    Conj/Air       ##.....      22%         2    None
 Sticks to Snakes         Tmut           ##......     22%         2    None
 Swiftness                Chrm/Air       ##......     22%         2    None
 Call Canine Familiar     Summ           ##......     43%         3    None
 Confuse                  Hex            ##......     43%         3    None
 Dazzling Orbs            Conj/Hex       ##.....      43%         3    None
 Ignite Poison            Fire/Tmut/Pois ##......     43%         3    None
 Mephitic Cloud           Conj/Pois/Air  ##......     43%         3    None
 Ozocubu's Armour         Chrm/Ice       ##......     43%         3    None
 Portal Projectile        Tloc           ##....       43%         3    None
 Regeneration             Chrm/Necr      ##........   43%         3    None
 Spectral Weapon          Hex/Chrm       ##......     43%         3    None
 Stone Arrow              Conj/Erth      ##....       43%         3    None
 Teleport Other           Tloc           ##......     43%         3    None
 Tukima's Dance           Hex            ##......     43%         3    None
 Airstrike                Air            ##........   85%         4    None
 Cause Fear               Hex            ##........   85%         4    None
 Lightning Bolt           Conj/Air       ##......     85%         4    None
 Petrify                  Tmut/Erth      ##........   85%         4    None
 Summon Ice Beast         Ice/Summ       ##......     85%         4    None
 Bolt of Magma            Conj/Fire/Erth ##........   99%         5    None
 Fireball                 Conj/Fire      ##........   99%         5    None
 Freezing Cloud           Ice/Air        ##......     99%         5    None
 Lee's Rapid Deconstruct  Erth           ##........   99%         5    None
 Metabolic Englaciation   Hex/Ice        ##........   99%         5    None
 Silence                  Hex/Air        ##........   99%         5    None
 Steam Barrier            Chrm/Fire      ##........   99%         5    None
 Summon Demon             Summ           ##........   99%         5    None
 Summon Lightning Spire   Summ/Air       ##......     99%         5    None
 Summon Mana Viper        Hex/Summ       ##......     99%         5    None
 Bolt of Cold             Conj/Ice       ##........   100%        6    ###....
 Bolt of Fire             Conj/Fire      ##........   100%        6    ###....
 Borgnjor's Vile Clutch   Necr/Erth      ##........   100%        6    ###....
 Conjure Ball Lightning   Conj/Air       ##........   100%        6    ###....
 Darkness                 Hex            ##........   100%        6    ###....
 Death Channel            Chrm/Necr      ##........   100%        6    ###....
 Deflect Missiles         Chrm/Air       ##........   100%        6    ###....
 Infestation              Hex/Tmut/Pois  ##.......    100%        6    ###....
 Ozocubu's Refrigeration  Ice            ##........   100%        6    ###....
 Simulacrum               Ice/Necr       ##......     100%        6    ###....
 Statue Form              Tmut/Erth      ##.......    100%        6    ###....
 Summon Hydra             Summ           ##........   100%        6    ###....
 Icicle Burst             Conj/Ice       ##........   100%        7    #####..
 Monstrous Menagerie      Summ           ##........   100%        7    #####..
 Orb of Destruction       Conj           ##........   100%        7    #####..
 Shadow Creatures         Summ           N/A          100%        7    #####..
 Chain Lightning          Conj/Air       ##........   100%        8    ######.
 Glaciate                 Conj/Ice/Air   ##........   100%        8    ######.
 Ignition                 Fire           ##........   100%        8    ######.
 Lehudib's Crystal Spear  Conj/Erth      ##........   100%        8    ######.
 Necromutation            Tmut/Necr      ##......     100%        8    ######.
 Time Stop                Chrm/Tloc      N/A          100%        8    ######.
 Tornado                  Tloc/Air       ##........   100%        8    ######.
 Fire Storm               Conj/Fire      ##........   100%        9    #######
 Passage of Golubria      Tloc           Unusable     N/A         5    N/A

Dungeon Overview and Level Annotations

Branches:
Dungeon (12/12)            Temple (1/1) D:5            Lair (6/6) D:8
  Snake (3/3) Lair:4       Spider (3/3) Lair:2        Slime (0/5) Lair:6
    Orc (1/1) D:9             Elf (2/3) Orc          Vaults (3/3) D:11
  Crypt (0/2) Vaults:2     Depths (5/5) D:12            Zot (5/5) Depths:5

Altars:
Ashenzari
Cheibriados
Dithmenos
Elyvilon
Fedhas
Gozag
Hepliaklqana
Kikubaaqudgha
Lugonu
Nemelex Xobeh
Okawaru
Qazlal
Ru
Sif Muna
Trog
Uskayaw
Vehumet
Wu Jian
Xom
Yredelemnul
Zin
The Shining One
Jiyva

Shops:
D:8 ?   D:9 :   D:10 %   D:12 [   Orc **[=(   Elf:1 }}=   Elf:2 =   Snake:2 *:
Vaults:1 =(   Vaults:2 [   Depths:2 [=   Depths:3 (

Portals:
Hell: Depths:1 Depths:2 Depths:3 Depths:4 Depths:5
Abyss: Depths:2
Pandemonium: Depths:3 Depths:4 Depths:5
Ziggurat: Depths:1

Annotations:
D:8 1 runed door
Lair:5 1 runed translucent door, exclusion: oklob plant, Riymurr's ghost, journeyman MfMo
Spider:1 3 runed translucent doors, exclusion: orange crystal statue, tronn's ghost, journeyman FeMA
Zot:5 3 runed translucent doors, Lazarus1551's ghost, legendary OnCj; Wired's ghost, legendary HOAc; tronn's ghost, legendary GnAE; tronn's ghost, legendary GnGl; wilo's ghost, master MfBe


Innate Abilities, Weirdness & Mutations

You can't train low skills.
You expend magic power (3 MP) to strengthen your wands.
You have sharp fingernails.
You have very sharp teeth.
You have a pair of small horns on your head.
You are partially covered in icy blue scales. (AC +2)
You are partially covered in molten scales. (AC +2)
You are partially covered in rugged brown scales. (AC +1, +3% HP)
Scrolls take you longer to read.
You are very clumsy. (Dex -4)
Your flesh is very cold resistant. (rC++)
Armour fits poorly on your strangely shaped body.
You are very dopey. (Int -4)
Your flesh is very heat resistant. (rF++)
You are very frail. (-20% HP)
Your magical capacity is low. (-10% MP)
You passively map a small area around you.
Your system is resistant to poisons. (rPois)
Your natural rate of healing is unusually fast.
You are covered in fur. (AC +1)
You are resistant to electric shocks. (rElec)
You evolve.
Your spells are a little easier to cast, but a little less powerful.


Message History

You are too injured to fight recklessly!
You are too injured to fight recklessly!
You are too injured to fight recklessly!
You carve the Brimstone Fiend like a ham!!!
The Brimstone Fiend is severely wounded.
Your +2 long sword "Tacwoh" {freeze, rN+ MP+9 Str+3 Dex-5} hits the Brimstone Fiend.
Your +2 long sword "Tacwoh" {freeze, rN+ MP+9 Str+3 Dex-5} freezes the Brimstone Fiend.
The Brimstone Fiend gestures at you.
The sphere of hellfire explodes!
The hellfire engulfs you!!
The hellfire engulfs your +2 long sword "Tacwoh" {freeze, rN+ MP+9 Str+3 Dex-5}!!
Your +2 long sword "Tacwoh" {freeze, rN+ MP+9 Str+3 Dex-5} is destroyed!
The hellfire engulfs the Brimstone Fiend.
The Brimstone Fiend completely resists.
The hellfire engulfs your wind drake!!
You hit the Brimstone Fiend.
Ssssck.
You headbutt the Brimstone Fiend.
You bite the Brimstone Fiend, but do no damage.
The Brimstone Fiend is severely wounded.
Your molten gargoyle hits the Brimstone Fiend with a +0 flail!
The Brimstone Fiend is engulfed in flames.
The Brimstone Fiend completely resists.
The Brimstone Fiend gestures at you.
The sphere of hellfire explodes!
The hellfire engulfs you!!
Xom is highly amused!
The hellfire engulfs the Brimstone Fiend.
The Brimstone Fiend completely resists.
The hellfire engulfs your catoblepas!!
The hellfire engulfs your molten gargoyle!!!
Your molten gargoyle is destroyed!
The hellfire engulfs your wind drake!!!
Your wind drake dies!
Your wind drake's corpse disappears in a puff of smoke!
The Brimstone Fiend roars!
You slash the Brimstone Fiend!
You kill the Brimstone Fiend!
You are confused.
You feel invigorated.
You feel less invigorated.
You feel less confused.
An Executioner and 2 large abominations come into view.
Unknown command.
You feel yourself speed up.
The Executioner gestures.
The Executioner seems to speed up.
You block the Executioner's attack. x2
The Executioner hits you but does no damage.
You block the Executioner's attack.
The Executioner hits you but does no damage.
You block the Executioner's attack.
Your catoblepas breathes a plume of calcifying dust at the Executioner.
The blast of calcifying dust hits the Executioner.
The Executioner is engulfed in calcifying dust.
The Executioner is moving more slowly.
You block the Executioner's attack. x2
The Executioner closely misses you.
You catch the helpless Executioner completely off-guard!
You open the Executioner like a pillowcase!!!
The Executioner is heavily wounded.
The Executioner is engulfed in calcifying dust.
The Executioner stops moving altogether!
The helpless Executioner fails to defend itself.
You chop the Executioner into pieces!!!!
You kill the Executioner!
Your catoblepas gores the large abomination but does no damage.
The large abomination is engulfed in calcifying dust.
The large abomination is moving more slowly.
You hit the large abomination but do no damage.
Snnnck.
The large abomination is lightly damaged.
You hear Xom's maniacal laughter.
You feel dopey.
You are now a favourite toy of Xom.
You slice the large abomination!!
You headbutt the large abomination, but do no damage.
The large abomination is moderately damaged.
Your catoblepas gores the large abomination!!
You strike the helpless large abomination from behind!
You slash the large abomination!
Snnnck.
You bite the large abomination, but do no damage.
The large abomination is heavily damaged.
You catch the helpless large abomination completely off-guard!
You slash the large abomination!
Ssssck.
The large abomination is almost destroyed.
The large abomination is engulfed in calcifying dust.
The large abomination is moving more slowly.
The large abomination is engulfed in calcifying dust.
The large abomination stops moving altogether!
Your catoblepas breathes a plume of calcifying dust at the large abomination.
The blast of calcifying dust hits the large abomination.
The blast of calcifying dust hits the large abomination.
The large abomination is engulfed in calcifying dust.
The large abomination stops moving altogether!
The large abomination is engulfed in calcifying dust.
Your catoblepas gores the large abomination!!
The large abomination is engulfed in calcifying dust.
There is a stone staircase leading up here.
You climb upwards.
There is a stone staircase leading down here.
Your extra speed is starting to run out.
You feel yourself slow down.
There is a staircase leading out of the dungeon here.
You start resting.
A chaos spawn comes into view.
You have escaped!

............#.......#.....# #.#
#.####.......#.....#......###.###
#.# #.......#.....#.......#.....
..# #........#...#.............#
### #..#.....#...#.....#........
#...##....#.#....##...##.#.#
#.....##.......##.....##.#..
#.......#.....#4......##.#.#
#..........@..........##.#.#
#.......#.....#.......##.#..
##.....##.......##.....##.###
#....##....#.#....##...##.#
##...#.....#...#.....#..##.# #
##..........#...#........##.#
###.#........#.....#.......##.#
.....#.......#.....#......###(##
###.........#.......#.....##...##


You could see a chaos spawn.

Vanquished Creatures
  7 orbs of fire
  An ancient lich (Zot:5)
  The ghost of stpyramids the Champion of Chaos, a legendary DDFi of Makhleb (Zot:3)
  Boris (Depths:5)
  10 golden dragons
  A curse toe (Zot:5)
  3 Killer Klowns
  4 caustic shrikes (Depths:5)
  2 rockslimes
  A Brimstone Fiend (D:2)
  4 electric golems
  A bone dragon (Depths:5)
  2 Orb Demons
  Jorgrun (D:12)
  8 tentacled monstrosities
  The ghost of tronn the Protected, an adept MiFi of the Shining One (Depths:1)
  3 liches
  20 Orb Guardians
  3 quicksilver dragons
  2 titans
  An acid blob (Zot:4)
  4 sphinxes
  3 death cobs
  An Executioner (D:2)
  A shard shrike (Depths:2)
  6 tengu reavers
  7 shadow dragons
  12 storm dragons
  5 nagarajas
  2 draconian monks
  An azure jelly (Zot:5)
  Roxanne (Elf:2)
  8 fire giants
  A balrug (Depths:4)
  3 draconian knights
  Louise (D:12)
  A war gargoyle (Vaults:3)
  6 ghost moths
  5 draconian shifters
  An iron dragon (Depths:2)
  2 orc warlords
  5 frost giants
  8 emperor scorpions
  2 deep elf sorcerers
  7 draconian stormcallers
  A warmonger (Zot:2)
  4 draconian annihilators
  13 vault wardens
  2 eyes of devastation
  18 stone giants
  7 ironheart preservers
  2 reapers (Zot:2)
  4 draconian scorchers
  8 very ugly things
  3 spriggan defenders
  11 black draconians
  2 deep elf demonologists
  10 green draconians
  7 purple draconians
  6 yellow draconians
  3 entropy weavers (Spider:2)
  5 spark wasps
  8 white draconians
  12 red draconians
  4 dire elephants
  5 fire dragons
  Azrael (Snake:1)
  12 ettins
  2 crystal guardians (Vaults:3)
  15 yaktaur captains
  6 naga warriors
  2 spriggan air magi
  2 deep elf high priests
  11 ice dragons
  Fannar (D:12)
  5 rakshasas
  A hell beast (Depths:2)
  3 hydras
  23 vault guards (Vaults:3)
  An alligator snapping turtle (Zot:4)
  2 catoblepae (Lair:6)
  6 ogre magi
  A shadow wraith (Vaults:3)
  Psyche (D:12)
  8 anacondas
  2 tengu warriors
  6 great orbs of eyes
  14 two-headed ogres
  5 death yaks (Lair:6)
  2 queen ants
  An alligator (IceCv)
  2 deep troll shamans
  25 dancing weapons
  4 hell hogs (Zot:2)
  2 vampire magi
  An ironheart beastmaster (Vaults:2)
  5 sea snakes
  5 shock serpents
  3 orc high priests (Orc)
  5 deep troll earth magi
  7 naga sharpshooters
  15 deep elf knights
  5 spriggan berserkers
  A fire crab (shapeshifter) (Vaults:3)
  3 spriggans
  A sun demon (Depths:4)
  A goliath frog (shapeshifter) (Vaults:2)
  16 deep trolls
  7 hell knights
  2 salamander mystics
  10 skeletal warriors
  22 centaur warriors
  A fire crab (Lair:4)
  An unseen horror (D:12)
  A swamp dragon (Vaults:3)
  10 wizards
  10 deep elf archers
  2 wolf spider zombies
  2 glowing orange brains
  3 flayed ghosts
  7 cyclopes
  12 ironheart convokers
  A lindwurm (Lair:6)
  8 naga ritualists
  A harpy (D:11)
  5 necromancers
  A sphinx zombie (Vaults:1)
  12 orb spiders
  2 mana vipers (shapeshifter)
  9 mana vipers
  6 orc sorcerers
  48 deep elf magi
  A phantasmal warrior (Vaults:3)
  32 wolf spiders
  3 orc knights (Orc)
  2 manticores (Lair:6)
  An orb spider (shapeshifter) (Spider:3)
  An oklob plant (Lair:6)
  A sphinx skeleton (Vaults:1)
  24 ugly things
  A fire giant zombie (Vaults:1)
  A rust devil (Depths:5)
  4 elephants (Lair:6)
  A faun (Depths:5)
  12 salamanders
  A stone giant skeleton (Depths:2)
  22 moths of wrath
  An iron dragon skeleton (Depths:2)
  4 guardian serpents
  3 torpor snails
  7 vault sentinels
  31 black mambas
  A gargoyle (D:9)
  20 naga magi
  An ice statue (IceCv)
  7 cane toads
  26 jumping spiders
  A yaktaur zombie (Vaults:1)
  A cane toad (shapeshifter) (Depths:3)
  A hellion (Depths:5)
  A kobold demonologist (D:10)
  54 yaktaurs
  6 rime drakes
  16 demonic crawlers
  A rime drake (shapeshifter) (Vaults:1)
  4 freezing wraiths
  A yaktaur (shapeshifter) (Depths:2)
  A human zombie (Vaults:1)
  An eye of draining (D:8)
  14 komodo dragons
  2 tengu conjurers
  2 ice devils (Depths:4)
  3 red devils
  An efreet (Zot:4)
  2 wandering mushrooms (Lair:6)
  A spriggan skeleton (Depths:2)
  Maurice (D:10)
  5 trolls
  A tyrant leech (Spider:3)
  A merfolk (Vaults:3)
  A polar bear (shapeshifter) (Vaults:2)
  10 polar bears
  2 meliai
  8 hornets
  11 blink frogs
  A wind drake (shapeshifter) (Depths:4)
  5 harpy skeletons
  A hippogriff (shapeshifter) (Vaults:3)
  14 dream sheep
  5 hippogriffs
  18 slime creatures
  A meliai zombie (D:6)
  A snapping turtle (Depths:5)
  4 air elementals (Elf:1)
  2 shadows
  16 tarantellas
  2 spriggans (shapeshifter)
  56 yaks
  A vampire (D:11)
  3 wraiths
  3 wyverns
  2 yaks (shapeshifter)
  A fire bat (D:11)
  24 fire elementals
  2 hogs
  A steam dragon (Lair:3)
  A hog (shapeshifter) (Depths:3)
  6 hungry ghosts
  A neqoxec (Zot:5)
  5 water elementals
  7 basilisks
  56 redbacks
  5 wargs (Orc)
  3 human simulacra
  A deep troll zombie (Vaults:1)
  28 nagas
  2 hell hounds (Snake:1)
  An acid dragon (shapeshifter) (Vaults:3)
  An acid dragon (Vaults:3)
  17 crocodiles
  15 porcupines
  16 water moccasins
  3 floating eyes
  21 soldier ants
  5 black bears
  A swamp drake (Snake:2)
  34 orc warriors
  An ettin simulacrum (Vaults:1)
  3 sky beasts
  A spriggan simulacrum (Depths:2)
  3 phantoms
  A black bear (shapeshifter) (Lair:3)
  4 ice beasts
  2 ogres (shapeshifter)
  18 ogres
  27 wolves
  3 boggarts
  21 bullfrogs
  4 kobold brigands
  A glowing shapeshifter simulacrum (Vaults:1)
  2 earth elementals
  17 centaurs
  2 scorpions
  A troll zombie (D:9)
  5 wights
  2 howler monkeys
  An electric eel (Spider:3)
  30 orc priests
  7 crimson imps
  A bullfrog zombie (D:9)
  18 jellies
  8 hounds
  An iron imp (Depths:2)
  20 orc wizards
  3 bullfrog skeletons
  Jessica (D:3)
  Ijyb (D:3)
  2 iguanas (D:8)
  21 worker ants
  4 ogre zombies (D:9)
  A hound skeleton (D:4)
  2 hound zombies
  A howler monkey zombie (D:9)
  A worker ant zombie (D:6)
  8 gnolls
  A river rat (Snake:2)
  10 adders
  3 shadow imps
  7 oozes
  2 worms
  6 leopard geckos
  91 orcs
  5 giant cockroaches
  6 goblins
  2 hobgoblins
  5 jackals
  9 kobolds
  5 quokkas
  A ball python (Snake:1)
  A bat (D:11)
  A goblin skeleton (D:9)
  A hobgoblin skeleton (D:9)
  2 hobgoblin zombies (D:9)
  A jackal zombie (D:5)
  4 orc skeletons (D:9)
  9 orc zombies (D:9)
  A quokka zombie (D:6)
  3 rats (D:2)
  A ball lightning (Zot:4)
  A plant (D:8)
1902 creatures vanquished.

Vanquished Creatures (collateral kills)
  A juggernaut (Depths:5)
  2 orbs of fire
  A golden dragon (Depths:4)
  Bai Suzhen (Vaults:2)
  A rockslime (Depths:4)
  An Orb Demon (Zot:5)
  2 Brimstone Fiends (Zot:5)
  Rupert (D:11)
  2 Orb Guardians
  A Hell Sentinel (Depths:2)
  A tengu reaver (Vaults:3)
  2 draconian monks
  A draconian shifter (Zot:5)
  2 orc warlords (Orc)
  A spriggan defender (Depths:2)
  A stone giant (Depths:2)
  A spark wasp (Depths:3)
  A white draconian (Zot:4)
  An ettin (Vaults:3)
  2 yaktaur captains
  A rakshasa (Depths:3)
  A hydra (Lair:6)
  A dancing weapon (Elf:2)
  An anaconda (Snake:2)
  2 two-headed ogres (D:12)
  A death yak (Lair:5)
  A deep elf knight (Elf:2)
  A skeletal warrior (Depths:5)
  An unseen horror (shapeshifter) (Lair:6)
  A naga ritualist (Snake:1)
  A phantasmal warrior (Vaults:3)
  A mana viper (Snake:2)
  A cyclops (D:12)
  A wolf spider (Vaults:3)
  2 ironheart convokers (Vaults:3)
  2 deep elf magi
  2 manticores
  An orb spider (Vaults:3)
  2 ugly things (Vaults:3)
  A black mamba (Snake:1)
  4 elephants (Lair:6)
  2 naga magi (Snake:1)
  A torpor snail (Zot:4)
  A cane toad (Lair:4)
  3 vault sentinels (Vaults:3)
  A jumping spider (Spider:3)
  A komodo dragon (Lair:5)
  A freezing wraith (Vaults:2)
  A yaktaur (Vaults:2)
  3 polar bears (IceCv)
  A hornet (Depths:4)
  6 dream sheep
  2 blink frogs
  A snapping turtle (Zot:4)
  A hippogriff (D:12)
  2 tarantellas (Spider:3)
  A water elemental (Depths:4)
  6 yaks
  5 redbacks
  2 nagas
  A water moccasin (D:11)
  3 orc warriors (Orc)
  An ice beast (Zot:4)
  A phantom (D:9)
  2 ogres
  A wolf (IceCv)
  A scorpion (D:4)
  2 orc priests
  A hound (D:4)
  An orc wizard (Orc)
  Terence (D:3)
  An ogre zombie (D:9)
  5 orcs
  An orc zombie (D:9)
118 creatures vanquished.

Vanquished Creatures (others)
  An orb of fire (Zot:5)
  An ancient lich (Zot:5)
  A shadow dragon (Depths:5)
  A storm dragon (Zot:4)
  3 nagarajas (Snake:3)
  2 frost giants
  A war gargoyle (Vaults:3)
  5 stone giants
  2 draconian stormcallers
  2 draconian annihilators
  A draconian scorcher (Zot:3)
  An eye of devastation (Zot:5)
  A vampire knight (Depths:4)
  2 black draconians
  A red draconian (Zot:5)
  A white draconian (Zot:3)
  2 merfolk javelineers
  2 yaktaur captains (Vaults:3)
  A vault guard (Vaults:3)
  3 naga warriors (Snake:3)
  A death yak (Lair:6)
  3 dancing weapons
  A naga sharpshooter (Snake:3)
  2 deep elf knights (Elf:2)
  3 naga ritualists (Snake:3)
  A cyclops (Vaults:1)
  A deep elf mage (Vaults:2)
  An ugly thing (Vaults:3)
  A moth of wrath (Zot:4)
  2 naga magi (Snake:3)
  A jumping spider (Spider:3)
  7 yaktaurs
  A queen bee (Depths:5)
  A blink frog (Lair:3)
  4 dream sheep
  A human (Lair:5)
  A hog (Lair:5)
  2 fire elementals (Zot:4)
  A fire bat (Snake:2)
  A naga (Snake:3)
  A killer bee (D:11)
  2 orc priests (D:9)
  An iguana (Snake:2)
  A worker ant (D:10)
  An orc wizard (D:9)
  A gnoll (Snake:2)
  2 orcs
  An orc zombie (D:9)
  9 ball lightnings
  19 fungi
  23 plants
131 creatures vanquished.

Grand Total: 2151 creatures vanquished

Notes
Turn   | Place    | Note
-------+----------+-------------------------------------------
     0 | D:1      | Artagas the High Elf Chaos Knight began the quest for the
                  | Orb.
     0 | D:1      | Reached XP level 1. HP: 18/18 MP: 2/2
   145 | D:1      | Reached skill level 1 in Unarmed Combat
   221 | D:1      | XOM: silly message
   379 | D:1      | XOM: divination: detect items
   396 | D:1      | Reached XP level 2. HP: 18/24 MP: 3/3
   499 | D:2      | Reached skill level 1 in Throwing
   619 | D:2      | Reached skill level 4 in Long Blades
   836 | D:3      | XOM: stealth player
   879 | D:3      | Reached XP level 3. HP: 24/29 MP: 4/4
  1210 | D:1      | XOM: noise
  1419 | D:1      | XOM: 4-stop teleportation journey
  1517 | D:1      | XOM: scenery: 1 doors close
  1901 | D:2      | Reached skill level 5 in Long Blades
  2137 | D:3      | Noticed Terence
  2138 | D:3      | XOM: summons 3 friendly demons
  2146 | D:3      | Killed Terence
  2147 | D:3      | Reached skill level 2 in Armour
  2147 | D:3      | Reached XP level 4. HP: 33/35 MP: 5/5
  2196 | D:3      | Noticed Ijyb
  2213 | D:3      | Killed Ijyb
  2214 | D:3      | Reached skill level 2 in Unarmed Combat
  2363 | D:3      | Noticed Jessica
  2369 | D:3      | Killed Jessica
  2385 | D:3      | Reached XP level 5. HP: 29/41 MP: 6/6
  2482 | D:3      | XOM: divination: magic mapping
  2536 | D:3      | XOM: butterfly on damage
  2588 | D:3      | Reached skill level 2 in Throwing
  2705 | D:3      | XOM: give mutations
  2705 | D:3      | Gained mutation: You are partially covered in large bone
                  | plates. (SH +4) [Xom's grace]
  2705 | D:3      | Gained mutation: You have sharp toenails. [Xom's grace]
  2705 | D:3      | Gained mutation: You are covered in fur. (AC +1) [Xom's
                  | grace]
  2806 | D:3      | XOM: scenery: create altars
  2838 | D:3      | XOM: scenery: create altars
  3098 | D:4      | Reached skill level 4 in Fighting
  3204 | D:4      | XOM: confuse monster(s)
  3239 | D:3      | Reached XP level 6. HP: 48/48 MP: 7/7
  3255 | D:3      | Reached skill level 3 in Dodging
  3308 | D:4      | XOM: god gift: scroll labeled UVYUTI ITAONARUHOU {god gift}
  3340 | D:4      | Found an iron altar of Okawaru.
  3381 | D:4      | Reached skill level 3 in Armour
  3502 | D:4      | Reached skill level 3 in Throwing
  3587 | D:4      | Reached XP level 7. HP: 48/54 MP: 8/8
  3590 | D:4      | Reached skill level 6 in Long Blades
  3655 | D:4      | Found a corrupted altar of Lugonu.
  3834 | D:5      | Entered Level 5 of the Dungeon
  3941 | D:5      | Reached skill level 7 in Long Blades
  3957 | D:5      | XOM: give mutations
  3957 | D:5      | Gained mutation: You are surrounded by a mild repulsion
                  | field. (EV +2) [Xom's grace]
  3957 | D:5      | Gained mutation: You are partially covered in yellow
                  | scales. (AC +2) [Xom's grace]
  3957 | D:5      | Gained mutation: Your flesh is heat resistant. (rF+) [Xom's
                  | grace]
  3957 | D:5      | Gained mutation: You have a pair of small horns on your
                  | head. [Xom's grace]
  3962 | D:5      | XOM: cast spell 'Metabolic Englaciation'
  3967 | D:5      | XOM: silly message
  3993 | D:5      | Reached skill level 5 in Fighting
  4127 | D:5      | Reached skill level 3 in Unarmed Combat
  4237 | D:5      | XOM: noise
  4245 | D:5      | Found a staircase to the Ecumenical Temple.
  4293 | Temple   | Entered the Ecumenical Temple
  4373 | Temple   | Fell from the grace of Xom
  4373 | Temple   | Became a worshipper of Nemelex Xobeh the Trickster
  4415 | D:5      | Reached skill level 1 in Invocations
  4415 | D:5      | Reached XP level 8. HP: 59/62 MP: 9/9
  4459 | D:5      | XOM: potion effect (brilliance)
  4475 | D:5      | Reached skill level 2 in Invocations
  4868 | D:5      | Received a gift from Nemelex Xobeh
  4907 | D:6      | XOM: harmless Conj miscast
  5007 | D:6      | Reached skill level 8 in Long Blades
  5007 | D:6      | Reached skill level 3 in Invocations
  5097 | D:6      | Noticed a hippogriff
  5106 | D:6      | Killed a hippogriff
  5107 | D:6      | Reached skill level 4 in Invocations
  5111 | D:6      | Reached skill level 5 in Invocations
  5281 | D:6      | XOM: divination: magic mapping
  5305 | D:6      | Reached skill level 6 in Fighting
  5328 | D:6      | Found an opulent altar of Gozag.
  5467 | D:6      | XOM: silly message
  5602 | D:6      | XOM: cast spell 'Summon Ice Beast'
  5643 | D:6      | XOM: divination: detect items
  5665 | D:6      | Reached skill level 9 in Long Blades
  5879 | D:6      | Reached XP level 9. HP: 59/69 MP: 13/13
  5923 | D:6      | XOM: cast spell 'Summon Scorpions'
  6051 | D:6      | Found an ancient bone altar of Kikubaaqudgha.
  6051 | D:6      | Found a glowing golden altar of the Shining One.
  6391 | D:7      | XOM: silly message
  6397 | D:7      | Reached * piety under Nemelex Xobeh
  6464 | D:7      | XOM: mild Tloc miscast
  6550 | D:7      | Reached skill level 4 in Dodging
  6550 | D:7      | Reached skill level 4 in Unarmed Combat
  6557 | D:7      | Reached skill level 4 in Armour
  6560 | D:7      | XOM: potion effect (agility)
  6570 | D:7      | Reached skill level 4 in Throwing
  6714 | D:7      | XOM: fake destruction
  6721 | D:7      | Reached skill level 6 in Invocations
  6983 | D:7      | XOM: give mutations
  6983 | D:7      | Gained mutation: You are frail. (-10% HP) [Xom's mischief]
  6983 | D:7      | Lost mutation: You are partially covered in large bone
                  | plates. (SH +4) [Xom's mischief]
  7046 | D:7      | Reached skill level 10 in Long Blades
  7119 | D:7      | Noticed a troll
  7127 | D:7      | Killed a troll
  7154 | D:7      | XOM: summons friendly ufetubus
  7171 | D:7      | XOM: summons 1 hostile demon
  7328 | D:7      | XOM: cleaving
  7332 | D:7      | Reached skill level 11 in Long Blades
  7482 | D:7      | XOM: harmless Ice miscast
  7622 | D:8      | Found Vogyegovu's Magic Scroll Emporium.
  7625 | D:8      | Bought a scroll of blinking for 105 gold pieces
  7625 | D:8      | Bought a scroll of teleportation for 42 gold pieces
  7625 | D:8      | Bought a scroll of fog for 28 gold pieces
  7625 | D:8      | Bought a scroll of teleportation for 42 gold pieces
  7625 | D:8      | Bought a scroll of identify for 28 gold pieces
  7625 | D:8      | Bought a scroll of noise for 14 gold pieces
  7648 | D:8      | Found a runed door.
  7648 | D:8      | Found a glowing silver altar of Zin.
  7648 | D:8      | Noticed an angel
  7697 | D:8      | Noticed an eye of draining
  7707 | D:8      | Killed an eye of draining
  7708 | D:8      | Reached XP level 10. HP: 68/68 MP: 0/15
  7736 | D:8      | XOM: medium Tloc miscast
  7743 | D:8      | XOM: harmless Chrm miscast
  7921 | D:8      | XOM: harmless Tmut miscast
  7940 | D:8      | Received a gift from Nemelex Xobeh
  8258 | D:8      | XOM: mild Hex miscast
  8306 | D:8      | Reached skill level 12 in Long Blades
  8434 | D:8      | Found a staircase to the Lair.
  8507 | Lair:1   | Entered Level 1 of the Lair of Beasts
  8507 | Lair:1   | Reached ** piety under Nemelex Xobeh
  8545 | Lair:1   | XOM: give mutations
  8545 | Lair:1   | Gained mutation: You do not regenerate when monsters are
                  | visible. [Xom's mischief]
  8545 | Lair:1   | Lost mutation: You are covered in fur. (AC +1) [Xom's
                  | mischief]
  8545 | Lair:1   | Lost mutation: You are frail. (-10% HP) [Xom's mischief]
  8606 | Lair:1   | XOM: 2-stop teleportation journey
  8610 | Lair:1   | XOM: summons friendly ufetubus
  8614 | Lair:1   | Reached skill level 7 in Fighting
  8699 | Lair:1   | XOM is BORED!
  8699 | Lair:1   | XOM: mild Summ miscast
  8738 | Lair:1   | XOM: noise
  8751 | Lair:1   | Reached skill level 8 in Fighting
  8844 | Lair:1   | XOM: 1-stop teleportation journey
  9061 | Lair:1   | Received a gift from Nemelex Xobeh
  9188 | Lair:1   | XOM: polymorph komodo dragon -> black bear
  9237 | Lair:1   | Reached skill level 5 in Dodging
  9315 | Lair:1   | XOM: harmless Ice miscast
  9352 | Lair:1   | Reached skill level 5 in Armour
  9485 | Lair:1   | XOM: scenery: 1 doors close
  9492 | Lair:1   | XOM: potion effect (might)
  9564 | Lair:1   | XOM: noise
  9617 | Lair:2   | Reached skill level 9 in Fighting
  9806 | Lair:2   | XOM: noise
  9811 | Lair:2   | Reached skill level 7 in Invocations
  9817 | Lair:2   | Reached XP level 11. HP: 84/89 MP: 15/17
  9933 | Lair:2   | XOM: mild Conj miscast
 10291 | Lair:2   | Reached skill level 8 in Invocations
 10307 | Lair:2   | Noticed a six-headed hydra
 10333 | Lair:2   | Killed a six-headed hydra
 10426 | Lair:2   | Reached *** piety under Nemelex Xobeh
 10484 | Lair:2   | Reached skill level 9 in Invocations
 10710 | Lair:2   | Found a hole to the Spider Nest.
 11075 | Lair:3   | XOM: noise
 11106 | Lair:2   | Reached skill level 5 in Unarmed Combat
 11226 | Lair:3   | XOM: confusion (+ monsters)
 11235 | Lair:3   | XOM: polymorph wyvern -> steam dragon
 11239 | Lair:3   | Reached skill level 5 in Throwing
 11241 | Lair:3   | XOM: harmless Conj miscast
 11316 | Lair:3   | Noticed a six-headed hydra
 11327 | Lair:3   | Killed a six-headed hydra
 11355 | Lair:3   | XOM: cloud trail
 11428 | Lair:3   | Found an opulent altar of Gozag.
 11443 | Lair:3   | Reached skill level 10 in Fighting
 11480 | Lair:3   | Found a frozen archway.
 11586 | IceCv    | Entered an ice cave
 11603 | IceCv    | Reached skill level 10 in Invocations
 11713 | IceCv    | XOM: divination: detect creatures
 11755 | IceCv    | HP: 6/90 [ice statue/bolt of cold (15)]
 11936 | IceCv    | XOM: mild Tmut miscast
 11999 | IceCv    | Reached skill level 6 in Dodging
 12031 | IceCv    | Reached skill level 6 in Armour
 12224 | IceCv    | XOM: divination: detect items
 12491 | IceCv    | Reached XP level 12. HP: 65/97 MP: 17/20
 12555 | IceCv    | XOM: potion effect (might)
 12763 | IceCv    | XOM: potion effect (curing)
 12793 | IceCv    | Reached skill level 11 in Fighting
 12831 | IceCv    | XOM: divination: detect creatures
 12956 | IceCv    | XOM: divination: detect creatures
 13014 | IceCv    | Noticed a frost giant
 13036 | IceCv    | XOM: harmless Fire miscast
 13047 | IceCv    | XOM: potion effect (heal wounds)
 13055 | IceCv    | XOM: potion effect (haste)
 13055 | IceCv    | HP: 12/100 [frost giant/+0 battleaxe of freezing (4)]
 13070 | IceCv    | XOM: potion effect (brilliance)
 13087 | IceCv    | Noticed an alligator
 13087 | IceCv    | a frost giant changed into an alligator
 13096 | IceCv    | Killed an alligator
 13097 | IceCv    | Reached skill level 11 in Invocations
 13293 | IceCv    | Got a fading battleaxe
 13306 | IceCv    | XOM: mild Conj miscast
 13524 | Lair:3   | XOM: harmless Fire miscast
 13605 | Lair:3   | XOM: summons friendly shadow imp
 13624 | Lair:3   | XOM: swap monsters
 13630 | Lair:3   | XOM: harmless Conj miscast
 13703 | Lair:3   | XOM: enchant monster (bad)
 13773 | Lair:3   | XOM: summons 3 hostile shadow creatures
 13851 | Lair:3   | XOM: harmless Tmut miscast
 13922 | Lair:3   | XOM: summons 4 hostile demons
 14043 | Lair:3   | XOM: chaos cloud
 14064 | Lair:3   | XOM: harmless Ice miscast
 14077 | Lair:3   | XOM: enchant monster (bad)
 14078 | Lair:3   | Reached skill level 12 in Fighting
 14240 | Lair:3   | XOM: noise
 14267 | Lair:3   | XOM: stat loss: -1 Int (20/21)
 14272 | Lair:3   | XOM: summons 6 hostile demons
 14432 | Lair:3   | XOM: stat loss: -1 Str (10/11)
 14815 | Lair:3   | XOM: scenery: create altars
 14816 | Lair:3   | XOM: enchant monster (good)
 14821 | Lair:3   | XOM: polymorph yak -> black bear
 14834 | Lair:3   | XOM: polymorph yak -> ogre
 15226 | Lair:4   | Found a staircase to the Snake Pit.
 15229 | Lair:4   | XOM: cleaving
 15332 | Lair:3   | XOM: god gift: 15 gold pieces
 15386 | Lair:3   | Reached skill level 13 in Fighting
 15441 | Lair:4   | XOM: enchant monster (good)
 15470 | Lair:4   | Received a gift from Nemelex Xobeh
 15500 | Lair:4   | XOM: confuse monster(s)
 15724 | Lair:4   | XOM: divination: magic mapping
 16245 | Lair:4   | XOM: scenery: 1 doors open
 16285 | Lair:5   | Received a gift from Nemelex Xobeh
 16288 | Lair:5   | XOM: polymorph blink frog -> fire crab
 16300 | Lair:4   | XOM: confuse monster(s)
 16399 | Lair:5   | XOM: polymorph dream sheep -> redback
 16407 | Lair:4   | HP: 11/105 [blink frog (14)]
 16409 | Lair:4   | Reached skill level 13 in Long Blades
 16409 | Lair:4   | Reached XP level 13. HP: 37/111 MP: 22/22
 16583 | Lair:5   | XOM: divination: detect creatures
 16588 | Lair:5   | Noticed Kirke
 16592 | Lair:5   | Noticed Kirke
 16592 | Lair:5   | Kirke changed into Kirke the death yak
 16592 | Lair:5   | XOM: polymorph Kirke -> Kirke the death yak
 16599 | Lair:5   | Reached **** piety under Nemelex Xobeh
 16599 | Lair:5   | XOM: 1-stop teleportation journey
 16707 | Lair:5   | XOM: 2-stop teleportation journey
 16754 | Lair:5   | XOM: summons 13 friendly demons
 16757 | Lair:5   | Killed Kirke the death yak
 16782 | Lair:5   | XOM: 1-stop teleportation journey
 16921 | Lair:5   | XOM: fake destruction
 16923 | Lair:5   | Reached skill level 14 in Long Blades
 16982 | Lair:5   | Received a gift from Nemelex Xobeh
 17236 | Lair:5   | XOM: destruction
 17241 | Lair:5   | XOM: destruction
 17862 | Lair:5   | Found a runed translucent door.
 17908 | Lair:5   | XOM is BORED!
 17908 | Lair:5   | XOM: mild Conj miscast
 18103 | Lair:5   | Noticed Riymurr's ghost (journeyman MfMo)
 18469 | Lair:6   | Entered Level 6 of the Lair of Beasts
 18512 | Lair:6   | XOM: fog
 18530 | Lair:5   | Reached skill level 7 in Dodging
 18685 | Lair:6   | XOM: destruction
 18690 | Lair:6   | XOM: summons 7 friendly demons
 18692 | Lair:6   | XOM: cast spell 'Summon Horrible Things'
 18695 | Lair:6   | Reached skill level 7 in Armour
 18798 | Lair:6   | Received a gift from Nemelex Xobeh
 18931 | Lair:6   | XOM: divination: detect items
 18965 | Lair:6   | XOM: smoke on damage
 19002 | Lair:6   | XOM: god gift: opal ring {god gift}
 19018 | Lair:6   | XOM: enchant monster (good)
 19114 | Lair:6   | XOM: fog
 19120 | Lair:6   | Reached skill level 15 in Long Blades
 19253 | Lair:6   | Found a viscous altar of Jiyva.
 19308 | Lair:6   | XOM: god gift: runed long sword {god gift}
 19321 | Lair:6   | Found a staircase to the Slime Pits.
 19424 | Lair:6   | XOM: polymorph elephant -> manticore
 19479 | Lair:6   | XOM: give mutation
 19479 | Lair:6   | Gained mutation: You are partially covered in rugged brown
                  | scales. (AC +1, +3% HP) [Xom's grace]
 19521 | Lair:6   | XOM: divination: detect creatures
 19579 | Lair:6   | XOM: silly message
 19580 | Lair:6   | Reached skill level 16 in Long Blades
 19599 | Lair:6   | XOM: polymorph elephant -> deep troll
 19736 | Lair:6   | XOM: fake destruction
 19748 | Lair:6   | XOM: blink monster(s)
 19941 | Lair:6   | XOM: give mutations
 19941 | Lair:6   | Gained mutation: Your body sometimes deteriorates upon
                  | taking damage. [Xom's mischief]
 19941 | Lair:6   | Gained mutation: You occasionally shout uncontrollably at
                  | your foes. [Xom's mischief]
 19941 | Lair:6   | Lost mutation: Your body sometimes deteriorates upon taking
                  | damage. [Xom's mischief]
 19956 | Lair:6   | Reached skill level 6 in Throwing
 20082 | Lair:6   | XOM: give mutation
 20082 | Lair:6   | Lost mutation: You occasionally shout uncontrollably at
                  | your foes. [Xom's mischief]
 20085 | Lair:6   | Reached XP level 14. HP: 70/121 MP: 23/23
 20153 | Lair:6   | XOM: stat loss: -1 Dex (16/17)
 20301 | Lair:6   | XOM: harmless Tloc miscast
 20512 | Lair:6   | XOM: enchant monster (good)
 20573 | Lair:6   | XOM: divination: detect items
 20591 | Lair:6   | XOM: enchant monster (good)
 20592 | Lair:6   | XOM: cast spell 'Olgreb's Toxic Radiance'
 20600 | Lair:6   | XOM: cast spell 'Summon Butterflies'
 20603 | Lair:6   | XOM: confuse monster(s)
 20769 | Lair:6   | XOM: divination: detect items
 20795 | Lair:6   | XOM: divination: detect creatures
 21076 | Lair:6   | XOM is BORED!
 21076 | Lair:6   | XOM: noise
 21406 | Lair:6   | XOM: divination: detect creatures
 21409 | Lair:6   | Reached skill level 17 in Long Blades
 21471 | Lair:6   | Noticed an eye of devastation
 21471 | Lair:6   | a catoblepas changed into an eye of devastation
 21471 | Lair:6   | XOM: polymorph catoblepas -> eye of devastation
 21480 | Lair:6   | Killed an eye of devastation
 21684 | Lair:6   | XOM is BORED!
 21689 | Lair:6   | XOM: enchant monster (good)
 21959 | Lair:2   | XOM: give mutations
 21959 | Lair:2   | Gained mutation: You have a pair of horns on your head.
                  | [Xom's grace]
 21959 | Lair:2   | Gained mutation: You have a pair of large horns on your
                  | head. [Xom's grace]
 21959 | Lair:2   | Gained mutation: Your mind is acute. (Int +2) [Xom's grace]
 21959 | Lair:2   | Gained mutation: You are somewhat resistant to further
                  | mutation. [Xom's grace]
 22222 | D:9      | XOM: destruction
 22243 | D:9      | XOM: give mutation
 22243 | D:9      | Gained mutation: Your spells are a little harder to cast,
                  | but a little more powerful. [Xom's grace]
 22348 | D:9      | Found a staircase to the Orcish Mines.
 22350 | D:9      | XOM: summons 10 friendly demons
 22364 | D:9      | XOM: fog
 22424 | D:9      | Received a gift from Nemelex Xobeh
 22452 | D:9      | XOM: enchant monster (good)
 22459 | D:9      | XOM: scenery: create altars
 22588 | D:9      | XOM: summons 4 hostile shadow creatures
 22787 | D:9      | Received a gift from Nemelex Xobeh
 22913 | D:9      | Found a sacrificial altar of Ru.
 23044 | D:9      | Reached ***** piety under Nemelex Xobeh
 23059 | D:9      | Found Giaxzogh's Book Emporium.
 23320 | D:9      | XOM: mild Pois miscast
 23351 | D:10     | Entered Level 10 of the Dungeon
 23471 | D:10     | XOM: divination: detect creatures
 23473 | D:10     | XOM: mild Tmut miscast
 23496 | D:10     | XOM: summons 3 hostile demons
 23609 | D:10     | Reached skill level 18 in Long Blades
 23622 | D:10     | XOM: silly message
 23753 | D:10     | XOM: summons 5 hostile demons
 23819 | D:10     | XOM: divination: magic mapping
 23867 | D:10     | Noticed Maurice
 23883 | D:10     | Killed Maurice
 23891 | D:10     | Identified the +4 battleaxe "Webrox" {protect, Str+3} (You
                  | found it in an ice cave)
 23945 | D:10     | XOM: give mutations
 23945 | D:10     | Gained mutation: You are resistant to hostile enchantments.
                  | (MR+) [Xom's grace]
 23945 | D:10     | Gained mutation: You have sharp fingernails. [Xom's grace]
 23945 | D:10     | Gained mutation: Your flesh is very heat resistant. (rF++)
                  | [Xom's grace]
 23945 | D:10     | Gained mutation: You are covered in fur. (AC +1) [Xom's
                  | grace]
 24033 | D:10     | Received a gift from Nemelex Xobeh
 24038 | D:10     | XOM: give mutations
 24038 | D:10     | Gained mutation: Your skin changes colour to match your
                  | surroundings (Stealth+). [Xom's grace]
 24038 | D:10     | Gained mutation: You have razor-sharp toenails. [Xom's
                  | grace]
 24038 | D:10     | Gained mutation: Your flesh is cold resistant. (rC+) [Xom's
                  | grace]
 24038 | D:10     | Gained mutation: You have claws for feet. [Xom's grace]
 24140 | D:10     | Found Colituga's Food Boutique.
 24327 | D:10     | XOM: god gift: wand of scattershot (6)
 24561 | D:11     | Found a gate to the Vaults.
 24561 | D:11     | Noticed Rupert
 24563 | D:11     | Reached skill level 8 in Armour
 24563 | D:11     | Reached skill level 8 in Dodging
 24563 | D:11     | XOM: summons 14 friendly demons
 24565 | D:11     | XOM: cast spell 'Call Canine Familiar'
 24579 | D:11     | Identified the +2 trident of Indomitability {vamp, +Blink
                  | +Rage rN+}
 24581 | D:11     | XOM: harmless Necr miscast
 24585 | D:11     | XOM: potion effect (curing)
 24590 | D:11     | Killed Rupert
 24641 | D:11     | XOM: divination: detect creatures
 24745 | D:11     | XOM: harmless Ice miscast
 24841 | D:11     | XOM: harmless Summ miscast
 24946 | D:11     | XOM: noise
 25021 | D:11     | Reached skill level 9 in Armour
 25021 | D:11     | Reached skill level 9 in Dodging
 25487 | D:11     | XOM is BORED!
 25577 | D:11     | Found the +3 warlock's mirror {reflect}
 25751 | D:12     | Entered Level 12 of the Dungeon
 25770 | D:12     | XOM: confuse monster(s)
 25782 | D:12     | Reached XP level 15. HP: 121/126 MP: 24/24
 25786 | D:12     | XOM: confusion
 25788 | D:12     | XOM: blink monster(s)
 25789 | D:12     | XOM: blink monster(s)
 25820 | D:12     | Noticed Fannar
 25827 | D:12     | XOM: cleaving
 25830 | D:12     | Killed Fannar
 25861 | D:12     | Received a gift from Nemelex Xobeh
 25894 | D:12     | XOM: enchant monster (good)
 25905 | D:12     | XOM: fake destruction
 26031 | D:11     | XOM: scenery: 2 doors open
 26045 | D:12     | Reached skill level 19 in Long Blades
 26092 | D:11     | XOM: give mutations
 26092 | D:11     | Gained mutation: You passively map a small area around you.
                  | [Xom's grace]
 26092 | D:11     | Gained mutation: You have an increased reservoir of magic.
                  | (+10% MP) [Xom's grace]
 26092 | D:11     | Lost mutation: You are somewhat resistant to further
                  | mutation. [Xom's grace]
 26092 | D:11     | Gained mutation: You evolve. [Xom's grace]
 26229 | D:12     | XOM: summons friendly iron imp
 26346 | D:12     | XOM: god gift: wand of scattershot (15)
 26395 | D:12     | XOM: divination: magic mapping
 26422 | D:12     | XOM: harmless Ice miscast
 26512 | D:12     | Noticed Jorgrun
 26513 | D:12     | Identified the -2 quarterstaff of the Fool {pain, SInv}
 26516 | D:12     | XOM: summons 4 friendly demons
 26527 | D:12     | Killed Jorgrun
 26609 | D:11     | Identified a scroll of acquirement
 26609 | D:11     | Identified the +11 demon blade "Ogrebane" {flame, rPois
                  | Str-2 Dex+2} (You acquired it on level 11 of the Dungeon)
 26609 | D:11     | Identified the +0 buckler of Uguuta {Slay+2} (You acquired
                  | it on level 11 of the Dungeon)
 26619 | D:11     | XOM: divination: detect items
 26786 | D:12     | Found Hegeec's Armour Emporium.
 26789 | D:12     | Noticed Louise
 26808 | D:12     | Killed Louise
 26809 | D:12     | Reached skill level 20 in Long Blades
 26840 | D:12     | Bought a +0 pair of gloves for 76 gold pieces
 26859 | D:12     | Noticed Psyche
 26861 | D:12     | XOM: summons 6 friendly demons
 26869 | D:12     | XOM: potion effect (might)
 26874 | D:12     | XOM: cast spell 'Time Stop'
 26972 | D:12     | Found a staircase to the Depths.
 26978 | D:12     | XOM: confusion
 26979 | D:12     | XOM: enchant monster (good)
 26982 | D:12     | XOM: potion effect (berserk rage)
 26991 | D:12     | XOM: summons 2 friendly demons
 27182 | D:10     | Reached skill level 7 in Throwing
 27217 | Orc      | Entered the Orcish Mines
 27290 | Orc      | Noticed an orc warlord
 27302 | Orc      | XOM: enchant monster (good)
 27310 | Orc      | Killed an orc warlord
 27494 | Orc      | Found a staircase to the Elven Halls.
 27661 | Orc      | Noticed an orc warlord
 27692 | Orc      | Killed an orc warlord
 27846 | Orc      | Received a gift from Nemelex Xobeh
 28146 | Orc      | Noticed an orc warlord
 28166 | Orc      | Killed an orc warlord
 28167 | Orc      | XOM: give mutations
 28167 | Orc      | Gained mutation: You possess an exceptional clarity of
                  | mind. [Xom's grace]
 28167 | Orc      | Gained mutation: Your muscles are strong. (Str +2) [Xom's
                  | grace]
 28167 | Orc      | Gained mutation: Your spells are harder to cast, but more
                  | powerful. [Xom's grace]
 28185 | Orc      | XOM: polymorph orc warrior -> warg
 28217 | Orc      | XOM: potion effect (might)
 28361 | Orc      | XOM: give mutations
 28361 | Orc      | Lost mutation: You are resistant to hostile enchantments.
                  | (MR+) [Xom's mischief]
 28361 | Orc      | Lost mutation: You are surrounded by a mild repulsion
                  | field. (EV +2) [Xom's mischief]
 28689 | Orc      | Reached skill level 10 in Dodging
 28708 | Orc      | Reached XP level 16. HP: 121/134 MP: 27/27
 28822 | Orc      | Found a bloodstained altar of Trog.
 28828 | Orc      | Found Zaseamoi's Assorted Antiques.
 28983 | Orc      | Found Rish's Antique Armour Shoppe.
 28984 | Orc      | Found Yrcheraba's Antique Weapon Emporium.
 28986 | Orc      | Found Onubrub's General Store.
 28986 | Orc      | Found Ixyna's Jewellery Shoppe.
 28990 | Orc      | Bought a scroll of teleportation for 54 gold pieces
 29182 | Orc      | Bought a +5 ring of protection for 807 gold pieces
 29193 | Orc      | Bought a bloodstained chain mail for 304 gold pieces
 29193 | Orc      | Bought an ichor-stained scale mail for 288 gold pieces
 29193 | Orc      | Identified the +6 chain mail of Anarchy {Stlth+, @q1} (You
                  | bought it in a shop in the Orcish Mines)
 29248 | Orc      | Identified the +2 scale mail of Infinity {rElec} (You
                  | bought it in a shop in the Orcish Mines)
 29365 | Orc      | XOM: harmless Tloc miscast
 29575 | Spider:1 | Entered Level 1 of the Spider Nest
 29725 | Spider:1 | Reached skill level 10 in Armour
 29764 | Spider:1 | Received a gift from Nemelex Xobeh
 30204 | Spider:1 | Noticed tronn's ghost (journeyman FeMA)
 30217 | Spider:1 | Found a runed translucent gate.
 30217 | Spider:1 | Found a runed translucent gate.
 30422 | Spider:1 | Found a runed translucent gate.
 30460 | Spider:1 | XOM: harmless Erth miscast
 30463 | Spider:1 | XOM: summons 3 friendly demons
 30469 | Spider:1 | XOM: summons friendly quasit
 30476 | Spider:1 | XOM: scenery: create altars
 30763 | Spider:1 | Reached skill level 14 in Fighting
 31077 | Spider:1 | XOM: god gift: wooden wand {god gift}
 31081 | Spider:1 | Reached skill level 11 in Dodging
 31283 | Spider:1 | XOM: give mutations
 31283 | Spider:1 | Gained mutation: You have a considerably increased
                  | reservoir of magic. (+20% MP) [Xom's grace]
 31283 | Spider:1 | Gained mutation: Your system is resistant to poisons.
                  | (rPois) [Xom's grace]
 31349 | Spider:2 | Reached skill level 11 in Armour
 31363 | Spider:2 | XOM: confuse monster(s)
 31416 | Spider:1 | XOM: divination: detect creatures
 31504 | Spider:2 | XOM: harmless Tmut miscast
 31514 | Spider:2 | XOM: summons 14 friendly demons
 31536 | Spider:2 | Got a shimmering robe
 31611 | Spider:2 | XOM: enchant monster (good)
 31617 | Spider:2 | XOM: butterfly on damage
 31780 | Spider:2 | XOM: enchant monster (bad)
 31818 | Spider:2 | Identified the +1 triple sword of Suhiofal {freeze, *Slow
                  | rElec MP+9 Str+2} (You acquired it on level 2 of the Spider
                  | Nest)
 31873 | Spider:2 | Received a gift from Nemelex Xobeh
 32288 | Spider:3 | Entered Level 3 of the Spider Nest
 32294 | Spider:3 | XOM: scenery: create altars
 32738 | Spider:3 | XOM: cast spell 'Summon Small Mammal'
 32769 | Spider:2 | Reached skill level 12 in Invocations
 32913 | Spider:2 | XOM: god gift: 37 gold pieces
 32928 | Spider:3 | XOM: cast spell 'Summon Scorpions'
 33068 | Spider:2 | XOM: potion effect (heal wounds)
 33069 | Spider:2 | XOM: enchant monster (good)
 33120 | Spider:2 | Reached skill level 12 in Dodging
 33121 | Spider:2 | XOM: destruction
 33124 | Spider:2 | XOM: noise
 33155 | Spider:2 | XOM: divination: detect items
 33225 | Spider:2 | XOM: scenery: create altars
 33366 | Spider:3 | Reached skill level 12 in Armour
 33392 | Spider:3 | XOM: polymorph wolf spider -> tyrant leech
 33400 | Spider:3 | Reached skill level 15 in Fighting
 33400 | Spider:3 | Reached XP level 17. HP: 92/146 MP: 32/32
 33427 | Spider:3 | XOM: enchant monster (good)
 33428 | Spider:3 | XOM: summons 2 friendly demons
 33848 | Spider:3 | XOM: harmless Hex miscast
 33929 | Spider:3 | XOM: cast spell 'Alistair's Intoxication'
 33939 | Spider:3 | XOM: swap monsters
 33940 | Spider:3 | XOM: polymorph moth of wrath -> orb spider
 33953 | Spider:3 | XOM: potion effect (invisibility)
 33958 | Spider:3 | Reached skill level 16 in Fighting
 33986 | Spider:3 | XOM: noise
 34158 | Spider:3 | Gained mutation: You have supernaturally acute eyesight.
                  | (SInv) [evolution]
 34173 | Spider:3 | XOM: mild Tloc miscast
 34178 | Spider:3 | XOM: divination: detect items
 34296 | Spider:3 | Received a gift from Nemelex Xobeh
 34608 | Spider:3 | XOM: god gift: murky emerald potion {god gift}
 34656 | Spider:3 | Reached skill level 17 in Fighting
 34713 | Spider:1 | XOM: scenery: create altars
 34810 | Spider:3 | XOM: harmless Conj miscast
 34978 | Spider:3 | XOM: silly message
 35109 | Spider:3 | Got a gossamer rune of Zot
 35138 | Spider:3 | XOM: harmless Erth miscast
 35710 | D:8      | XOM: cloud trail
 35818 | Snake:1  | Entered Level 1 of the Snake Pit
 35823 | Snake:1  | XOM: 2-stop teleportation journey
 35833 | Snake:1  | XOM: enchant monster (bad)
 35874 | Snake:1  | XOM: cloud trail
 35877 | Snake:1  | XOM: polymorph ufetubus -> white imp
 36031 | Snake:1  | XOM: polymorph black mamba -> basilisk
 36046 | Snake:1  | Reached skill level 18 in Fighting
 36223 | Snake:1  | XOM: harmless Conj miscast
 36356 | Snake:1  | XOM: 1-stop teleportation journey
 36408 | Snake:1  | XOM: summons 2 hostile demons
 36430 | Snake:1  | Received a gift from Nemelex Xobeh
 36483 | Snake:1  | Noticed Azrael
 36487 | Snake:1  | XOM: polymorph centaur -> goblin
 36491 | Snake:1  | Killed Azrael
 36584 | Snake:1  | XOM: noise
 36780 | Snake:2  | Noticed Frances
 36787 | Snake:2  | XOM: 1-stop teleportation journey
 37010 | Snake:2  | Noticed Frances
 37010 | Snake:2  | Frances changed into Frances the dire elephant
 37016 | Snake:2  | Killed Frances the dire elephant
 37097 | Snake:2  | Reached skill level 19 in Fighting
 37388 | Snake:2  | Received a gift from Nemelex Xobeh
 37407 | Snake:2  | XOM: harmless Tloc miscast
 37495 | Snake:2  | XOM: noise
 37543 | Snake:2  | Found Sakh's Book Shoppe.
 37543 | Snake:2  | Found Mas Gyx's General Store.
 37563 | Snake:2  | XOM: swap monsters
 37569 | Snake:2  | XOM: harmless Tmut miscast
 37570 | Snake:2  | XOM: enchant monster (bad)
 37571 | Snake:2  | XOM: snakes to sticks
 37697 | Snake:2  | Reached ****** piety under Nemelex Xobeh
 37727 | Snake:2  | Received a gift from Nemelex Xobeh
 37897 | Snake:2  | XOM: give mutations
 37897 | Snake:2  | Lost mutation: Your flesh is very heat resistant. (rF++)
                  | [Xom's mischief]
 37897 | Snake:2  | Lost mutation: Your spells are harder to cast, but more
                  | powerful. [Xom's mischief]
 37897 | Snake:2  | Lost mutation: You have claws for feet. [Xom's mischief]
 37897 | Snake:2  | Lost mutation: You possess an exceptional clarity of mind.
                  | [Xom's mischief]
 37974 | Snake:2  | Received a gift from Nemelex Xobeh
 38196 | Snake:3  | Entered Level 3 of the Snake Pit
 38313 | Snake:3  | Gained mutation: Your mind is very acute. (Int +4)
                  | [evolution]
 38319 | Snake:3  | Reached XP level 18. HP: 164/164 MP: 33/33
 38341 | Snake:3  | XOM: harmless Pois miscast
 38377 | Snake:3  | XOM: swap monsters
 38714 | Snake:3  | XOM: destruction
 38872 | Snake:3  | XOM: 2-stop teleportation journey
 38899 | Snake:3  | Received a gift from Nemelex Xobeh
 39032 | Snake:3  | XOM: summons 1 hostile shadow creature
 39149 | Snake:3  | Reached skill level 13 in Dodging
 39171 | Snake:3  | Reached skill level 13 in Armour
 39173 | Snake:3  | XOM: summons 4 hostile shadow creatures
 39204 | Snake:3  | Reached skill level 13 in Invocations
 39347 | Snake:3  | XOM: mild Fire miscast
 39551 | Snake:3  | XOM: harmless Air miscast
 39573 | Snake:3  | XOM: noise
 39585 | Snake:3  | Reached skill level 14 in Invocations
 39615 | Snake:3  | XOM: divination: magic mapping
 39727 | Snake:3  | XOM: harmless Tmut miscast
 39884 | Snake:3  | Got a serpentine rune of Zot
 40072 | Snake:3  | XOM: noise
 40111 | Snake:3  | XOM: mild Pois miscast
 40145 | Snake:3  | XOM: harmless Erth miscast
 40633 | Vaults:1 | Entered Level 1 of the Vaults
 40669 | Vaults:1 | XOM: divination: detect items
 40695 | Vaults:1 | XOM: divination: detect creatures
 40699 | Vaults:1 | XOM: potion effect (heal wounds)
 40707 | Vaults:1 | XOM: potion effect (brilliance)
 40758 | Vaults:1 | XOM: mild Tloc miscast
 40780 | Vaults:1 | XOM: silly message
 40882 | Vaults:1 | XOM: scenery: 1 doors close
 40898 | Vaults:1 | Found Neoxewoc's Jewellery Emporium.
 40918 | Vaults:1 | XOM: give mutations
 40918 | Vaults:1 | Gained mutation: You have very sharp teeth. [Xom's grace]
 40918 | Vaults:1 | Gained mutation: You rapidly evolve. [Xom's grace]
 41077 | Vaults:1 | XOM: 2-stop teleportation journey
 41179 | Vaults:1 | XOM: medium Erth miscast
 41203 | Vaults:1 | Received a gift from Nemelex Xobeh
 41283 | Vaults:1 | XOM: mild Fire miscast
 41290 | Vaults:1 | XOM: medium Ice miscast
 41300 | Vaults:1 | XOM: medium Hex miscast
 41307 | Vaults:1 | XOM: mild Erth miscast
 41312 | Vaults:1 | XOM: smoke on damage
 41451 | Vaults:1 | XOM: harmless Hex miscast
 41542 | Vaults:1 | XOM: confuse monster(s)
 41672 | Vaults:1 | XOM: confusion (+ monsters)
 41839 | Vaults:1 | XOM: enchant monster (bad)
 41841 | Vaults:1 | XOM: summons friendly quasit
 41847 | Vaults:1 | XOM: polymorph quasit -> crimson imp
 41848 | Vaults:1 | XOM: noise
 41854 | Vaults:1 | Reached skill level 15 in Invocations
 41854 | Vaults:1 | Reached XP level 19. HP: 108/170 MP: 37/37
 41860 | Vaults:1 | XOM: confusion (+ monsters)
 41863 | Vaults:1 | Reached skill level 14 in Dodging
 41934 | Vaults:1 | XOM: god gift: 162 stones
 41971 | Vaults:1 | Reached skill level 14 in Armour
 42008 | Vaults:1 | Learned a level 2 spell: Song of Slaying
 42025 | Vaults:1 | Reached skill level 1 in Spellcasting
 42031 | Vaults:1 | XOM: confuse monster(s)
 42034 | Vaults:1 | Reached skill level 2 in Spellcasting
 42074 | Vaults:1 | Reached skill level 3 in Spellcasting
 42123 | Vaults:1 | XOM: chaos cloud
 42188 | Vaults:1 | XOM: divination: detect creatures
 42212 | Vaults:1 | XOM: harmless Summ miscast
 42270 | Vaults:1 | Reached skill level 4 in Spellcasting
 42411 | Vaults:1 | XOM: harmless Pois miscast
 42496 | Vaults:1 | Reached skill level 5 in Spellcasting
 42499 | Vaults:1 | XOM: potion effect (brilliance)
 42508 | Vaults:1 | XOM: divination: detect items
 42516 | Vaults:1 | Reached skill level 6 in Spellcasting
 42630 | Vaults:1 | XOM: scenery: create altars
 42651 | Vaults:1 | XOM is BORED!
 42651 | Vaults:1 | XOM: mild Hex miscast
 42836 | Vaults:1 | Received a gift from Nemelex Xobeh
 42910 | Vaults:1 | Reached skill level 7 in Spellcasting
 43208 | Vaults:1 | Found Vomuod's Antique Weapon Shop.
 43276 | Vaults:1 | Lost mutation: You do not regenerate when monsters are
                  | visible. [evolution]
 43327 | Vaults:2 | XOM: confusion
 43460 | Vaults:2 | Reached skill level 8 in Spellcasting
 43468 | Vaults:2 | XOM is BORED!
 43468 | Vaults:2 | XOM: medium Pois miscast
 43489 | Vaults:2 | Found a staircase to the Crypt.
 43489 | Vaults:2 | XOM: divination: magic mapping
 43625 | Vaults:2 | Found Bynarale's Antique Armour Boutique.
 43677 | Vaults:2 | Bought a pair of boots for 166 gold pieces
 43723 | Vaults:2 | Received a gift from Nemelex Xobeh
 43745 | Vaults:2 | Noticed Bai Suzhen
 43753 | Vaults:2 | Killed Bai Suzhen
 43754 | Vaults:2 | Reached skill level 9 in Spellcasting
 43766 | Vaults:2 | XOM: 1-stop teleportation journey
 43921 | Vaults:2 | XOM: mild Chrm miscast
 44242 | Vaults:2 | Reached skill level 10 in Spellcasting
 44404 | Vaults:2 | XOM: divination: detect items
 44411 | Vaults:2 | Identified the ring of Opron Kenk {rC+ MR+ EV+5 Dex+2}
 44746 | Vaults:2 | XOM: harmless Ice miscast
 44752 | Vaults:2 | Reached skill level 11 in Spellcasting
 44760 | Vaults:2 | XOM: medium Conj miscast
 44881 | Vaults:2 | XOM: blink monster(s)
 45039 | Vaults:2 | XOM: enchant monster (good)
 45198 | Vaults:2 | XOM: harmless Tmut miscast
 45251 | Vaults:2 | Received a gift from Nemelex Xobeh
 45289 | Vaults:2 | XOM: potion effect (invisibility)
 45299 | Vaults:2 | XOM: noise
 45301 | Vaults:2 | Reached skill level 12 in Spellcasting
 45358 | Vaults:2 | XOM: harmless Necr miscast
 45397 | Vaults:2 | XOM: potion effect (agility)
 45544 | Vaults:2 | XOM: mild Ice miscast
 45657 | Elf:1    | Entered Level 1 of the Elven Halls
 45663 | Elf:1    | XOM: potion effect (curing)
 45668 | Elf:1    | XOM: scenery: 3 doors open, 1 doors close
 45702 | Elf:1    | XOM: harmless Hex miscast
 45767 | Elf:1    | XOM: enchant monster (good)
 45937 | Elf:1    | XOM: mild Erth miscast
 46028 | Elf:1    | XOM: summons 9 friendly demons
 46033 | Elf:1    | Reached skill level 13 in Spellcasting
 46039 | Elf:1    | Reached XP level 20. HP: 179/179 MP: 45/45
 46208 | Elf:1    | XOM: fake destruction
 46221 | Elf:1    | XOM: give mutations
 46221 | Elf:1    | Gained mutation: You possess an exceptional clarity of
                  | mind. [Xom's grace]
 46221 | Elf:1    | Gained mutation: Your natural rate of healing is unusually
                  | fast. [Xom's grace]
 46221 | Elf:1    | Gained mutation: Your flesh is very heat resistant. (rF++)
                  | [Xom's grace]
 46285 | Elf:1    | Received a gift from Nemelex Xobeh
 46430 | Elf:1    | Found Oschic's Jewellery Shoppe.
 46431 | Elf:1    | Found Rityas's Gadget Boutique.
 46431 | Elf:1    | Found Leikiarr's Gadget Boutique.
 46860 | Elf:1    | XOM: scenery: 1 doors open, 2 doors close
 46863 | Elf:1    | Received a gift from Nemelex Xobeh
 46918 | Elf:2    | XOM: scenery: create altars
 47084 | Elf:2    | XOM: cleaving
 47203 | Elf:2    | Reached skill level 14 in Spellcasting
 47209 | Elf:2    | Found Orear's Jewellery Boutique.
 47372 | Elf:2    | XOM: polymorph deep elf mage -> black bear
 47537 | Elf:2    | Noticed Roxanne
 47559 | Elf:2    | Received a gift from Nemelex Xobeh
 47608 | Elf:2    | XOM: god gift: 30 gold pieces
 47842 | Elf:2    | Killed Roxanne
 47843 | Elf:2    | Identified Roxanne's Disquisition on Shape Shifting (You
                  | took it off Roxanne on level 2 of the Elven Halls)
 47865 | Elf:2    | Found a runed gate.
 47865 | Elf:2    | Found a runed gate.
 47865 | Elf:2    | Found a runed gate.
 47912 | Elf:2    | Reached skill level 15 in Spellcasting
 47998 | Elf:2    | XOM: god gift: 107 stones
 48038 | Elf:2    | XOM: polymorph mana viper -> moth of wrath
 48071 | Elf:2    | XOM: divination: magic mapping
 48237 | Elf:2    | Received a gift from Nemelex Xobeh
 48241 | Elf:2    | XOM: enchant monster (bad)
 48386 | Elf:2    | Lost mutation: You have razor-sharp toenails. [evolution]
 48632 | Depths:1 | Entered Level 1 of the Depths
 48660 | Depths:1 | Found a runed translucent door.
 48660 | Depths:1 | Noticed tronn's ghost (adept MiFi)
 48661 | Depths:1 | Found the +4 moon troll leather armour {Spirit, Regen++
                  | rCorr MP+5}
 48663 | Depths:1 | Found a blossoming altar of Fedhas.
 48691 | Depths:1 | Found a gateway to Hell.
 48728 | Depths:1 | Received a gift from Nemelex Xobeh
 48780 | Depths:1 | Reached skill level 16 in Invocations
 48789 | Depths:1 | Found a gateway to a ziggurat.
 48811 | Depths:1 | XOM: harmless Ice miscast
 48838 | Depths:1 | XOM: cloud trail
 48917 | Depths:1 | Found a sparkling altar of Nemelex Xobeh.
 48936 | Depths:1 | Received a gift from Nemelex Xobeh
 49036 | Depths:1 | XOM: give mutations
 49036 | Depths:1 | Lost mutation: Your mind is very acute. (Int +4) [Xom's
                  | mischief]
 49036 | Depths:1 | Lost mutation: Your mind is acute. (Int +2) [Xom's
                  | mischief]
 49076 | Depths:1 | XOM: blink monster(s)
 49327 | Depths:1 | XOM: harmless Necr miscast
 49413 | Depths:1 | XOM: mild Chrm miscast
 49445 | Depths:1 | Killed tronn's ghost
 49448 | Depths:1 | Identified the cursed -4 pair of boots "Takhlecso" {rC+
                  | Int-2 Dex+3} (You found it on level 1 of the Depths)
 49490 | Depths:1 | XOM: noise
 49498 | Depths:1 | XOM: harmless Necr miscast
 49725 | Depths:2 | Found a one-way gate to the infinite horrors of the Abyss.
 49762 | Depths:2 | Received a gift from Nemelex Xobeh
 49792 | Depths:2 | XOM: medium Hex miscast
 49803 | Depths:2 | Reached skill level 17 in Invocations
 49884 | Depths:2 | XOM: noise
 49906 | Depths:2 | XOM: polymorph deep troll -> sea snake
 49940 | Depths:2 | XOM: harmless Hex miscast
 49944 | Depths:2 | XOM: stat loss: -1 Int (21/22)
 49964 | Depths:2 | Found Zounyoqe's Jewellery Emporium.
 49968 | Depths:2 | Found Funeawku's Armour Emporium.
 50064 | Depths:2 | XOM: 1-stop teleportation journey
 50168 | Depths:2 | XOM: harmless Hex miscast
 50352 | Depths:2 | Identified the +10 hand axe of Proximity {drain, +Fly rC+}
 50357 | Depths:2 | XOM: medium Necr miscast
 50359 | Depths:2 | Paralysed by a floating eye for 4 turns
 50384 | Depths:2 | Reached skill level 18 in Invocations
 50476 | Depths:2 | XOM: enchant monster (good)
 50480 | Depths:2 | XOM: 2-stop teleportation journey
 50483 | Depths:2 | XOM: polymorph red very ugly thing -> shard shrike
 50495 | Depths:2 | XOM: severe Tloc miscast
 50565 | Depths:2 | Noticed a golden dragon
 50566 | Depths:2 | XOM: 1-stop teleportation journey
 50639 | Depths:2 | XOM: polymorph stone giant -> sphinx
 50660 | Depths:2 | Reached XP level 21. HP: 181/185 MP: 49/49
 50941 | Depths:2 | XOM: destruction
 50946 | Depths:2 | XOM: potion effect (curing)
 50989 | Depths:2 | Received a gift from Nemelex Xobeh
 50996 | Depths:2 | Reached skill level 19 in Invocations
 51000 | Depths:2 | XOM: medium Chrm miscast
 51033 | Depths:2 | Killed a golden dragon
 51123 | Depths:2 | XOM: god gift: helmet {god gift}
 51321 | Depths:3 | XOM: summons 3 friendly demons
 51381 | Depths:3 | Found a one-way gate leading to the halls of Pandemonium.
 51411 | Depths:3 | XOM: cast spell 'Dispersal'
 51580 | D:12     | XOM: enchant monster (good)
 51582 | D:12     | Killed Psyche
 51838 | Snake:2  | Bought a manual of Throwing for 1876 gold pieces
 52176 | Depths:3 | Reached skill level 8 in Throwing
 52215 | Depths:3 | XOM: 2-stop teleportation journey
 52216 | Depths:3 | Noticed a golden dragon
 52243 | Depths:3 | Identified the Compendium of Assistive Companions
 52341 | Depths:3 | Found Ytihoicov's Weapon Boutique.
 52352 | Depths:3 | XOM: confuse monster(s)
 52366 | Depths:3 | XOM: snakes to sticks
 52382 | Depths:3 | Reached skill level 9 in Throwing
 52680 | Depths:3 | XOM: noise
 52685 | Depths:3 | Received a gift from Nemelex Xobeh
 52843 | Depths:3 | Lost mutation: You have a pair of large horns on your head.
                  | [evolution]
 52907 | Depths:3 | Reached skill level 10 in Throwing
 53281 | Orc      | XOM: divination: magic mapping
 53355 | Orc      | XOM: scenery: create altars
 53507 | Depths:2 | XOM: god gift: scroll of fog
 53526 | Depths:2 | Bought a +1 pair of gloves for 230 gold pieces
 53688 | Depths:3 | XOM: medium Ice miscast
 53819 | Depths:4 | Received a gift from Nemelex Xobeh
 53832 | Depths:4 | XOM: harmless Tmut miscast
 53842 | Depths:4 | XOM: destruction
 53880 | Depths:4 | XOM: 3-stop teleportation journey
 53929 | Depths:4 | Received a gift from Nemelex Xobeh
 53949 | Depths:4 | Identified the +0 long sword "Bibod" {freeze, *Corrode
                  | Str+3 Int+3}
 54031 | Depths:4 | Reached skill level 11 in Throwing
 54038 | Depths:4 | XOM: potion effect (invisibility)
 54040 | Depths:4 | XOM: cast spell 'Statue Form'
 54040 | Depths:4 | Noticed a rockslime
 54041 | Depths:4 | Noticed a golden dragon
 54049 | Depths:4 | Killed a rockslime
 54074 | Depths:4 | Noticed a rockslime
 54076 | Depths:4 | XOM: scenery: create altars
 54090 | Depths:4 | Killed a rockslime
 54091 | Depths:4 | Killed a golden dragon
 54092 | Depths:4 | Reached skill level 12 in Throwing
 54201 | Depths:4 | Noticed a golden dragon
 54201 | Depths:4 | XOM: potion effect (brilliance)
 54218 | Depths:4 | XOM: confuse monster(s)
 54268 | Depths:4 | Killed a golden dragon
 54399 | Depths:4 | Reached skill level 13 in Throwing
 54743 | Depths:4 | XOM: repel stairs
 54805 | Depths:4 | Received a gift from Nemelex Xobeh
 54847 | Depths:4 | Reached XP level 22. HP: 76/192 MP: 50/50
 55035 | Depths:4 | XOM: give mutation
 55035 | Depths:4 | Lost mutation: Your muscles are strong. (Str +2) [Xom's
                  | mischief]
 55218 | D:12     | XOM: divination: detect creatures
 55340 | Vaults:3 | Entered Level 3 of the Vaults
 55346 | Vaults:3 | XOM: divination: detect creatures
 55351 | Vaults:3 | XOM: divination: detect items
 55352 | Vaults:3 | XOM: noise
 55367 | Vaults:3 | Reached skill level 20 in Invocations
 55448 | Vaults:3 | XOM: give mutations
 55448 | Vaults:3 | Lost mutation: You possess an exceptional clarity of mind.
                  | [Xom's mischief]
 55448 | Vaults:3 | Lost mutation: You have sharp toenails. [Xom's mischief]
 55448 | Vaults:3 | Lost mutation: You have a pair of horns on your head.
                  | [Xom's mischief]
 55448 | Vaults:3 | Lost mutation: Your skin changes colour to match your
                  | surroundings (Stealth+). [Xom's mischief]
 55503 | Vaults:3 | XOM: give mutations
 55503 | Vaults:3 | Lost mutation: You have a pair of small horns on your head.
                  | [Xom's mischief]
 55503 | Vaults:3 | Lost mutation: You have a considerably increased reservoir
                  | of magic. (+20% MP) [Xom's mischief]
 55503 | Vaults:3 | Lost mutation: You have supernaturally acute eyesight.
                  | (SInv) [Xom's mischief]
 55527 | Vaults:3 | XOM: noise
 55551 | Vaults:3 | XOM: potion effect (heal wounds)
 55555 | Vaults:3 | XOM: polymorph yaktaur captain -> dire elephant
 55648 | Vaults:3 | XOM: noise
 55665 | Vaults:3 | Reached skill level 21 in Invocations
 55712 | Vaults:3 | XOM: 1-stop teleportation journey
 55730 | Vaults:3 | XOM: mild Air miscast
 55780 | Vaults:3 | XOM: confusion (+ monsters)
 56077 | Vaults:3 | XOM: cast spell 'Shadow Creatures'
 56078 | Vaults:3 | XOM: confuse monster(s)
 56121 | Vaults:3 | Received a gift from Nemelex Xobeh
 56129 | Vaults:3 | XOM: enchant monster (bad)
 56144 | Vaults:3 | Reached skill level 22 in Invocations
 56150 | Vaults:3 | Lost mutation: You are partially covered in yellow scales.
                  | (AC +2) [evolution]
 56187 | Vaults:3 | XOM: medium Conj miscast
 56211 | Vaults:3 | Identified the +0 rapier of Pugge {holy, Int+5}
 56319 | Vaults:3 | Identified the +1 pair of boots of Dogma {rC+}
 56327 | Vaults:3 | XOM: noise
 56490 | Vaults:3 | XOM: swap monsters
 56499 | Vaults:3 | XOM: confuse monster(s)
 56657 | Vaults:3 | Reached skill level 15 in Dodging
 56698 | Vaults:3 | Reached skill level 15 in Armour
 56870 | Vaults:3 | XOM: divination: magic mapping
 56886 | Vaults:3 | XOM: confuse monster(s)
 56918 | Vaults:3 | Reached XP level 23. HP: 159/199 MP: 47/47
 56957 | Vaults:3 | Identified the cursed +0 hand axe "Gumuxt" {freeze, rF+}
 56965 | Vaults:3 | Identified the cursed +0 helmet "Cagir" {Str+7 Int-3}
 57018 | Vaults:3 | XOM: divination: detect creatures
 57027 | Vaults:3 | XOM: divination: magic mapping
 57034 | Vaults:3 | XOM: harmless Tmut miscast
 57039 | Vaults:3 | XOM: summons friendly iron imp
 57138 | Vaults:3 | Got a silver rune of Zot
 57287 | Vaults:3 | XOM: medium Tloc miscast
 57481 | Vaults:3 | XOM: summons 2 hostile demons
 58297 | Vaults:3 | XOM: medium Pois miscast
 58423 | Vaults:1 | Bought the ring "Saxiss" {+Fly rElec Int-4 Dex+3} for 549
                  | gold pieces
 58574 | Orc      | XOM: mild Erth miscast
 58618 | Orc      | Bought an uncursed ring of fire for 300 gold pieces
 58621 | Orc      | XOM: harmless Chrm miscast
 58933 | Depths:5 | Entered Level 5 of the Depths
 58933 | Depths:5 | Received a gift from Nemelex Xobeh
 58957 | Depths:5 | Noticed a juggernaut
 58958 | Depths:5 | XOM: confuse monster(s)
 58959 | Depths:5 | XOM: summons 7 friendly demons
 58976 | Depths:5 | XOM: divination: magic mapping
 59013 | Depths:5 | Killed a juggernaut
 59058 | Depths:5 | XOM: noise
 59129 | Depths:5 | Reached skill level 16 in Dodging
 59178 | Depths:5 | XOM: potion effect (magic)
 59246 | Depths:5 | Reached skill level 16 in Armour
 59297 | Depths:5 | Noticed a caustic shrike
 59298 | Depths:5 | Noticed a caustic shrike
 59300 | Depths:5 | Noticed a caustic shrike
 59302 | Depths:5 | Noticed a caustic shrike
 59316 | Depths:5 | Killed a caustic shrike
 59327 | Depths:5 | Killed a caustic shrike
 59330 | Depths:5 | Killed a caustic shrike
 59337 | Depths:5 | Killed a caustic shrike
 59560 | Depths:5 | Found a gate to the Realm of Zot.
 59693 | Depths:5 | Reached skill level 23 in Invocations
 59754 | Depths:5 | XOM: silly message
 59916 | Depths:5 | Received a gift from Nemelex Xobeh
 59922 | Depths:5 | Noticed Boris
 59941 | Depths:5 | Killed Boris
 59952 | Depths:5 | XOM: 1-stop teleportation journey
 59962 | Depths:5 | XOM: give mutation
 59962 | Depths:5 | Gained mutation: You have a pair of small horns on your
                  | head. [Xom's grace]
 60019 | Depths:5 | XOM: give mutations
 60019 | Depths:5 | Gained mutation: You are partially covered in icy blue
                  | scales. (AC +2) [Xom's grace]
 60019 | Depths:5 | Gained mutation: You are resistant to electric shocks.
                  | (rElec) [Xom's grace]
 60019 | Depths:5 | Gained mutation: You are partially covered in molten
                  | scales. (AC +2) [Xom's grace]
 60019 | Depths:5 | Gained mutation: Your flesh is very cold resistant. (rC++)
                  | [Xom's grace]
 60039 | Depths:5 | Identified the -1 hat "Dupunal" {*Corrode rN+++ Int+3} (You
                  | acquired it on level 5 of the Depths)
 60040 | Depths:5 | Found the +7 Singing Sword {slice}
 60092 | Depths:5 | XOM: divination: magic mapping
 60147 | Zot:1    | Entered Level 1 of the Realm of Zot
 60232 | Zot:1    | XOM: enchant monster (good)
 60293 | Zot:1    | Received a gift from Nemelex Xobeh
 60316 | Zot:2    | XOM: polymorph rime drake -> worker ant
 60329 | Zot:2    | XOM: summons 10 friendly demons
 60511 | Zot:2    | Reached skill level 20 in Fighting
 60609 | Zot:2    | Noticed an orb of fire
 60617 | Zot:2    | Gained mutation: You are frail. (-10% HP) [an orb of fire]
 60628 | Zot:2    | Killed an orb of fire
 60629 | Zot:2    | Noticed an orb of fire
 60643 | Zot:2    | Killed an orb of fire
 60644 | Zot:2    | Reached XP level 24. HP: 129/189 MP: 47/47
 60697 | Zot:3    | Found a runed translucent gate.
 60697 | Zot:3    | Found a runed translucent gate.
 60699 | Zot:3    | Found a runed translucent gate.
 60700 | Zot:3    | Noticed stpyramids's ghost (legendary DDFi)
 60718 | Zot:3    | Noticed a Killer Klown
 60740 | Zot:3    | a Killer Klown changed into a stone giant
 60740 | Zot:3    | XOM: polymorph Killer Klown -> stone giant
 60744 | Zot:3    | XOM: cleaving
 60749 | Zot:3    | XOM: smoke on damage
 60755 | Zot:3    | XOM: confuse monster(s)
 60756 | Zot:3    | XOM: cast spell 'Summon Horrible Things'
 60841 | Zot:3    | Received a gift from Nemelex Xobeh
 60841 | Zot:3    | XOM: 6-stop teleportation journey
 60846 | Zot:3    | Noticed a golden dragon
 60851 | Zot:3    | Noticed a golden dragon
 60851 | Zot:3    | Noticed a golden dragon
 60853 | Zot:3    | XOM: scenery: create altars
 60857 | Zot:3    | XOM: silly message
 60866 | Zot:3    | Reached skill level 24 in Invocations
 60918 | Zot:3    | XOM: summons friendly white imp
 60940 | Zot:3    | XOM: divination: detect items
 60952 | Zot:3    | Lost mutation: You are frail. (-10% HP) [evolution]
 61051 | Zot:3    | Killed stpyramids's ghost
 61062 | Zot:3    | Identified the +7 broad axe "Lath" {elec, Fragile +Rage
                  | rC+}
 61178 | Zot:3    | XOM: divination: detect creatures
 61193 | Zot:3    | XOM: scenery: create altars
 61219 | Zot:3    | Killed a golden dragon
 61238 | Zot:3    | Killed a golden dragon
 61270 | Zot:3    | Received a gift from Nemelex Xobeh
 61286 | Zot:3    | XOM: confusion (+ monsters)
 61289 | Zot:3    | XOM: swap monsters
 61291 | Zot:3    | XOM: enchant monster (bad)
 61292 | Zot:3    | Reached skill level 25 in Invocations
 61317 | Zot:2    | XOM: mild Summ miscast
 61371 | Zot:3    | Noticed a Killer Klown
 61373 | Zot:3    | Noticed an orb of fire
 61376 | Zot:3    | Gained mutation: You are clumsy. (Dex -2) [an orb of fire]
 61383 | Zot:3    | XOM: polymorph ice dragon -> floating eye
 61384 | Zot:3    | Lost mutation: Your spells are a little harder to cast, but
                  | a little more powerful. [an orb of fire]
 61390 | Zot:3    | Gained mutation: Scrolls take you a little longer to read.
                  | [an orb of fire]
 61404 | Zot:3    | XOM: polymorph black draconian -> emperor scorpion
 61407 | Zot:3    | Killed a golden dragon
 61409 | Zot:3    | Killed a Killer Klown
 61722 | Zot:3    | Gained mutation: You are dopey. (Int -2) [an orb of fire]
 61726 | Zot:3    | XOM: smoke on damage
 61735 | Zot:3    | Gained mutation: You are very dopey. (Int -4) [an orb of
                  | fire]
 61739 | Zot:3    | Killed an orb of fire
 61811 | Zot:3    | XOM: swap monsters
 61895 | Zot:3    | XOM: 4-stop teleportation journey
 61978 | Zot:3    | XOM: 2-stop teleportation journey
 62053 | Zot:3    | Noticed a golden dragon
 62064 | Zot:3    | Killed a golden dragon
 62065 | Zot:3    | Reached skill level 26 in Invocations
 62084 | Zot:3    | Identified the cursed +1 scale mail of Loss {Dex+3}
 62223 | Zot:3    | XOM: scenery: create altars
 62677 | Zot:4    | Noticed a golden dragon
 62690 | Zot:4    | Identified the +4 dragonskin cloak
 62690 | Zot:4    | Noticed Tiamat
 62692 | Zot:4    | Noticed Tiamat
 62692 | Zot:4    | Tiamat changed into Tiamat the titan
 62692 | Zot:4    | a golden dragon changed into an acid blob
 62694 | Zot:4    | Killed Tiamat the titan
 62717 | Zot:4    | XOM: harmless Tmut miscast
 62749 | Zot:4    | XOM: medium Fire miscast
 62781 | Zot:4    | XOM: draining
 62881 | Zot:4    | XOM: fake destruction
 62893 | Zot:4    | Reached XP level 25. HP: 204/214 MP: 47/47
 62933 | Zot:4    | XOM: polymorph wandering mushroom -> shambling mangrove
 63174 | Zot:4    | Received a gift from Nemelex Xobeh
 63175 | Zot:4    | XOM: 2-stop teleportation journey
 63184 | Zot:4    | XOM: blink monster(s)
 63230 | Zot:4    | Reached skill level 27 in Invocations
 63251 | Zot:4    | XOM: cleaving
 63343 | Zot:4    | XOM: harmless Necr miscast
 63347 | Zot:4    | XOM: noise
 63359 | Zot:4    | Noticed a golden dragon
 63370 | Zot:4    | XOM: divine lightning
 63374 | Zot:4    | Killed a golden dragon
 63617 | Zot:4    | Received a gift from Nemelex Xobeh
 63892 | Zot:5    | Entered Level 5 of the Realm of Zot
 63896 | Zot:5    | Noticed a golden dragon
 63908 | Zot:5    | XOM: enchant monster (good)
 63914 | Zot:4    | XOM: summons friendly ufetubus
 63929 | Zot:4    | Killed a golden dragon
 64456 | Zot:5    | XOM: cloud trail
 64576 | Zot:5    | Received a gift from Nemelex Xobeh
 64681 | Zot:5    | Found a runed translucent gate.
 64681 | Zot:5    | Noticed wilo's ghost (master MfBe)
 64682 | Zot:5    | Noticed Wired's ghost (legendary HOAc)
 64682 | Zot:5    | Noticed Lazarus1551's ghost (legendary OnCj)
 64682 | Zot:5    | Noticed tronn's ghost (legendary GnAE)
 64683 | Zot:5    | Found a runed translucent gate.
 64683 | Zot:5    | Found a runed translucent gate.
 64683 | Zot:5    | Noticed tronn's ghost (legendary GnGl)
 64767 | Zot:5    | XOM: scenery: create altars
 64896 | Zot:5    | XOM: divination: detect items
 64922 | Zot:5    | Reached skill level 17 in Dodging
 64971 | Zot:5    | Noticed a golden dragon
 64987 | Zot:5    | Killed a golden dragon
 64988 | Zot:5    | Reached skill level 17 in Armour
 64995 | Zot:5    | Noticed an orb of fire
 65000 | Zot:5    | XOM: scenery: create altars
 65004 | Zot:5    | XOM: polymorph Orb Guardian -> spark wasp
 65007 | Zot:5    | Killed an orb of fire
 65039 | Zot:5    | Noticed an orb of fire
 65049 | Zot:5    | XOM: fog
 65055 | Zot:5    | Gained mutation: You are frail. (-10% HP) [an orb of fire]
 65057 | Zot:5    | Lost mutation: You have an increased reservoir of magic.
                  | (+10% MP) [an orb of fire]
 65065 | Zot:5    | Gained mutation: Your spells are a little easier to cast,
                  | but a little less powerful. [an orb of fire]
 65066 | Zot:5    | Killed an orb of fire
 65272 | Zot:5    | Noticed a Killer Klown
 65288 | Zot:5    | Killed a Killer Klown
 65313 | Zot:5    | Noticed an orb of fire
 65317 | Zot:5    | XOM: cast spell 'Time Stop'
 65319 | Zot:5    | XOM: summons friendly iron imp
 65320 | Zot:5    | XOM: summons friendly crimson imp
 65328 | Zot:5    | Lost mutation: You rapidly evolve. [an orb of fire]
 65331 | Zot:5    | Killed an orb of fire
 65497 | Zot:5    | Noticed an orb of fire
 65501 | Zot:5    | Noticed an ancient lich
 65506 | Zot:5    | Noticed an ancient lich
 65514 | Zot:5    | Killed an orb of fire
 65515 | Zot:5    | Reached skill level 21 in Fighting
 65518 | Zot:5    | XOM: divination: detect creatures
 65521 | Zot:5    | Killed an ancient lich
 65526 | Zot:5    | Killed an ancient lich
 65527 | Zot:5    | Reached XP level 26. HP: 190/206 MP: 43/43
 65527 | Zot:5    | XOM: summons friendly white imp
 65532 | Zot:5    | Noticed an orb of fire
 65544 | Zot:5    | Gained mutation: Your magical capacity is low. (-10% MP)
                  | [an orb of fire]
 65547 | Zot:5    | Killed an orb of fire
 65548 | Zot:5    | Reached skill level 18 in Dodging
 65588 | Zot:5    | XOM: summons 5 friendly demons
 65591 | Zot:5    | Noticed a golden dragon
 65603 | Zot:5    | XOM: cleaving
 65607 | Zot:5    | XOM: cast spell 'Statue Form'
 65609 | Zot:5    | Killed a golden dragon
 65713 | Zot:5    | XOM: mild Chrm miscast
 65885 | Zot:5    | XOM: cleaving
 65893 | Zot:5    | Reached skill level 18 in Armour
 65896 | Zot:5    | XOM: confuse monster(s)
 65973 | Zot:5    | XOM: enchant monster (good)
 65978 | Zot:5    | XOM: noise
 65987 | Zot:5    | XOM: polymorph Orb Guardian -> azure jelly
 66040 | Zot:5    | XOM: enchant monster (good)
 66053 | Zot:5    | XOM: summons friendly ufetubus
 66054 | Zot:5    | XOM: cleaving
 66087 | Zot:5    | Noticed an orb of fire
 66092 | Zot:5    | Gained mutation: You are very clumsy. (Dex -4) [an orb of
                  | fire]
 66095 | Zot:5    | XOM: confuse monster(s)
 66101 | Zot:5    | XOM: confuse monster(s)
 66104 | Zot:5    | Noticed a Killer Klown
 66106 | Zot:5    | Killed an orb of fire
 66126 | Zot:5    | Killed a Killer Klown
 66126 | Zot:5    | Noticed an orb of fire
 66141 | Zot:5    | XOM: cleaving
 66145 | Zot:5    | Gained mutation: Armour fits poorly on your strangely
                  | shaped body. [an orb of fire]
 66146 | Zot:5    | Gained mutation: Scrolls take you longer to read. [an orb
                  | of fire]
 66149 | Zot:5    | Gained mutation: You are very frail. (-20% HP) [an orb of
                  | fire]
 66150 | Zot:5    | Killed an orb of fire
 66219 | Zot:5    | Got the Orb of Zot
 66235 | Zot:5    | XOM: smoke on damage
 66345 | Zot:4    | XOM: summons 3 hostile shadow creatures
 66346 | Zot:4    | Noticed a golden dragon
 66349 | Zot:4    | XOM: smoke on damage
 66411 | Zot:2    | XOM: summons 3 friendly demons
 66414 | Zot:2    | Reached skill level 19 in Dodging
 66417 | Zot:2    | XOM: confusion
 66804 | D:2      | Identified the +2 long sword "Tacwoh" {freeze, rN+ MP+9
                  | Str+3 Dex-5}
 66833 | D:2      | XOM: stat loss: -1 Int (21/22)
 66891 | D:$      | Escaped with the Orb!

Skill      XL: |  1  2  3  4  5  6  7  8  9 10 11 12 13 14 15 16 17 18 19 20 21 22 23 24 25 26 |
---------------+-------------------------------------------------------------------------------+-----
Unarmed Combat | 1 2 3 4 5 |  5.0
Throwing       | 1 2 3 4 5 6 7 13 | 13.0
Long Blades    | 4 5 7 9 11 12 13 16 18 20 | 20.0
Armour         | 2 3 4 5 6 7 9 12 13 14 15 16 17 18 | 18.7
Fighting       | 4 5 6 9 10 13 15 19 20 21 | 21.9
Dodging        | 3 4 5 6 7 9 10 12 13 14 15 16 17 19 | 19.1
Invocations    | 1 5 6 7 10 11 12 15 18 19 22 23 26 27 | 27.0
Spellcasting   | 13 15 | 15.0

Action                   |  1- 3 |  4- 6 |  7- 9 | 10-12 | 13-15 | 16-18 | 19-21 | 22-24 | 25-27 || total
-------------------------+-------+-------+-------+-------+-------+-------+-------+-------+-------++-------
Melee: Falchion          |    95 |   100 |   305 |   662 |       |       |       |       |       ||  1162
       Kick              |       |    23 |    88 |   234 |   434 |   369 |   113 |       |       ||  1261
       Headbutt          |       |       |    45 |   172 |   273 |   246 |   424 |   178 |   201 ||  1539
       Punch             |       |       |     3 |    15 |    14 |       |       |     8 |    13 ||    53
       Unarmed           |       |       |       |     4 |       |       |       |       |       ||     4
       Scimitar          |       |       |       |   103 |   422 |       |       |       |       ||   525
       Long sword        |       |       |       |       |    65 |       |       |       |       ||    65
       Great sword       |       |       |       |       |   744 |  1035 |  1327 |   883 |   333 ||  4322
       Bite              |       |       |       |       |       |    21 |   226 |   281 |   112 ||   640
       Double sword      |       |       |       |       |       |       |       |   325 |   279 ||   604
Throw: Tomahawk          |     3 |    11 |    38 |    65 |   143 |   138 |    82 |       |       ||   480
       Javelin           |       |       |       |       |    29 |    53 |    38 |   123 |   121 ||   364
 Cast: Song of Slaying   |       |       |       |       |       |       |    17 |    12 |     6 ||    35
Invok: Deal Four         |       |       |       |       |     1 |     1 |     2 |     2 |     1 ||     7
       Stack Five        |       |       |       |       |       |     1 |       |     1 |       ||     2
       Triple Draw       |       |       |       |       |       |       |       |       |     2 ||     2
 Abil: Draw Summoning    |       |       |     1 |    10 |    17 |    13 |    14 |    16 |    14 ||    85
       Draw Destruction  |       |       |     1 |    11 |    13 |     8 |     8 |    16 |     9 ||    66
       Draw Escape       |       |       |       |     3 |       |       |       |     1 |       ||     4
       Draw Stack        |       |       |       |       |       |       |     1 |     3 |     1 ||     5
Evoke: Wand              |       |       |       |     5 |     1 |     5 |     1 |     7 |     1 ||    20
       Fan of gales      |       |       |       |       |       |     1 |       |       |       ||     1
  Use: Scroll            |     4 |     5 |     5 |     9 |    14 |     7 |     4 |    15 |     1 ||    64
       Potion            |       |     1 |       |     3 |       |     1 |       |     2 |     8 ||    15
 Stab: Paralysed         |       |     2 |       |       |       |     4 |     1 |     3 |       ||    10
       Petrifying        |       |       |     1 |     2 |       |       |       |       |     3 ||     6
       Distracted        |       |       |     1 |     1 |    11 |     6 |     5 |     7 |     6 ||    37
       Confused          |       |       |       |     3 |     1 |     6 |     9 |    11 |       ||    30
       Petrified         |       |       |       |     2 |     1 |     3 |     3 |     7 |     5 ||    21
       Sleeping          |       |       |       |       |       |     1 |       |     1 |       ||     2
       Invisible         |       |       |       |       |       |     4 |     7 |   101 |    61 ||   173
  Eat: Chunk             |     6 |     7 |    20 |    41 |    61 |    37 |    57 |    19 |     5 ||   253
       Ration            |       |       |       |       |     2 |     8 |     3 |     8 |     7 ||    28
Armor: Leather armour    |    24 |       |       |       |       |       |       |       |       ||    24
       Scale mail        |       |    48 |    86 |   266 |   452 |   341 |       |       |       ||  1193
       Skin              |       |     5 |       |       |       |       |       |       |     4 ||     9
       Chain mail        |       |       |       |       |       |    66 |   351 |    93 |       ||   510
       Shadow dragon sca |       |       |       |       |       |       |       |   212 |   165 ||   377
Dodge: Dodged            |    44 |    55 |   133 |   413 |   786 |   588 |   727 |   869 |   495 ||  4110
Block: Other             |     1 |    18 |    55 |   106 |   361 |   611 |   816 |   815 |   337 ||  3120
       Reflection        |       |       |       |       |    15 |    51 |   116 |    41 |     3 ||   226

Levels and vault maps discovered:
D:1:      minmay_arrival_radiant_lines, layout_loops_corners
D:2:      layout_basic
D:3:      layout_loops_ring, first_ration, uniq_jessica, uniq_terence, uniq_ijyb
D:4:      layout_basic, nicolae_overflow_hidden_temple,
          kennysheep_okawaru_gauntlet
D:5:      layout_loops_cross, temple_doors_e, minmay_misc_feat_more_columns
D:6:      layout_basic, gammafunk_temple_overflow_wave, hangedman_glass_teeth,
          nicolae_gozag_cash_rules_everything_around_me
D:7:      layout_basic
D:8:      layout_loops_cross, david_lair_shrubbed, serial_shops,
          kennysheep_mini, hangedman_little_slice_of_home, lemuel_angel_altar
D:9:      layout_grid_maze, zombieorc1_lemuel, serial_shops, shop, basic_altar
D:10:     layout_roguey, serial_shops, nicolae_shop_behind_doors, minivault_29,
          uniq_maurice
D:11:     layout_roguey, david_vaults_3, kennysheep_generic_room_12
D:12:     grunt_enter_depths_magical_seal, layout_rooms, serial_shops, shop,
          hangedman_abyss_or_decor_slice, uniq_psyche, uniq_louise, uniq_fannar,
          uniq_jorgrun
Temple:   compressed_dpeg_circular_temple
Lair:1:   layout_regular_city, beast_lair_carwin_7
Lair:2:   layout_chaotic_city, spider_nest_entry_rubble, grunt_megastairs_1,
          lemuel_fruit_tree
Lair:3:   layout_loops_ring, portal_ice_cave_rime, basic_altar, minivault_25,
          beast_lair_carwin_2
Lair:4:   layout_regular_city, guppyfry_snake_entry_island, serial_rivers,
          chequers_serial_rivers_small_3, chequers_serial_rivers_small_b,
          chequers_serial_rivers_micro_d, chequers_serial_rivers_micro_e,
          chequers_serial_rivers_room_a, chequers_serial_rivers_micro_d
Lair:5:   layout_small_grid, ebering_ghost_reflecting_pool, uniq_kirke
Lair:6:   evilmike_catoblepas_cave, layout_hall_layers,
          minmay_slime_entry_jelly_boxes, nicolae_volcano_entry_vermiform,
          infiniplex_staircase_pool_2, minmay_lair_oklob_chamber
Snake:1:  layout_onion_interference, nicolae_snake_springs, uniq_azrael
Snake:2:  layout_onion, minmay_shoptagon, uniq_frances
Snake:3:  snake_pit, layout_layer_cave, grunt_megastairs_2
Spider:1: layout_chambers, gammafunk_ghost_split
Spider:2: layout_spider_delve, spider_trap
Spider:3: grunt_spider_rune_circles, nicolae_spider_cling_ruins
Orc:      st_orc_congregation, layout_diamond_mine, serial_shops, shop,
          gauntlet_entry_generic, bloody_trog
Elf:1:    minmay_elf_arrival_summoners, layout_onion_city, minmay_shop_grove
Elf:2:    nicolae_elf_blades_splatter_lattice [nooodl_blade_entry_preview],
          layout_onion_city, serial_shops, shop, uniq_roxanne
Vaults:1: nicolae_vaults_disjoint_gnomons, nicolae_vaults_what_the_h,
          nicolae_vaults_little_squares_4, v_misc_15, hangedman_vaults_stream,
          st_squares, v_misc_12, hangedman_vaults_cutoff,
          hangedman_vaults_capsules, vaults_mumra_chevron, vaults_room_hallway,
          layout_vaults_ring, serial_shops, nicolae_shop_statue_plus,
          shop_fountains
Vaults:2: nicolae_vaults_windows_and_doors_thing, vaults_dpeg_doors,
          minmay_crypt_entry_simple_corners, v_rooms_2,
          nicolae_vaults_quadrants, ontoclasm_vaults_pinch, v_misc_23,
          vaults_mumra_hexcomb, hangedman_vaults_corner_blocks,
          vaults_room_hallway, layout_vaults_big_room, serial_shops, shop,
          uniq_bai_suzhen
Vaults:3: serial_shops
Depths:1: layout_gridlike, enter_ziggurat_a, hell_entry, lemuel_crystal_altar,
          gammafunk_ghost_grave, nemelex_xobeh_ov_fountains_minmay
Depths:2: minmay_connected_boxes_in_corner, layout_long_grid,
          nicolae_abyss_entry_one_way_or_another, serial_glass, glass_columns_c,
          glass_columns_a, hangedman_decor_clover_reticule,
          grunt_hell_entry_dis_grunt, minmay_shop_star,
          kennysheep_random_hallway, infiniplex_staircase_zigzag_1,
          serial_bayou_shore_b, firewood_loft
Depths:3: evilmike_inaccessible_box, layout_basic, hell_entry, serial_shops,
          nicolae_shop_trees, pan_entry, nrook_mini_vaults
Depths:4: evilmike_marble_ring, layout_cave_pools, hell_entry,
          marbit_kobold_abyss_entry, rand_demon_pan_entry_5, serial_bayou,
          serial_bayou_crossing, serial_bayou_shore_a, serial_bayou_pond_e,
          serial_bayou_pond_b, minmay_misc_feat_nine_boxes, st_stairs_3
Depths:5: grunt_twist_and_shout, layout_long_grid, grunt_mini_vestibule,
          pan_entry, uniq_boris
Zot:1:    layout_gridlike, gammafunk_ghost_cemetery, grunt_megastairs_3
Zot:2:    kennysheep_blocky_hall, layout_cathedral_of_symmetry,
          grunt_ministairs_9, lemuel_lake_of_fire
Zot:3:    grunt_zot_stairs_mandelzot, layout_onion, gammafunk_ghost_split,
          st_single_dragon_hoard_1
Zot:4:    lemuel_firehouse, layout_onion, uniq_tiamat
Zot:5:    layout_concentric_octagons, gammafunk_ghost_cemetery

Table legend:
 A = Turns spent in this place as a percentage of turns spent in the entire game.
 B = Non-inter-level travel turns spent in this place as a percentage of non-inter-level travel turns spent in the entire game.
 C = Inter-level travel turns spent in this place as a percentage of turns spent in this place.
 D = Turns resting spent in this place as a percentage of non-inter-level travel turns spent in this place.
 E = Turns spent auto-exploring this place as a percentage of non-inter-level travel turns spent in this place.
 F = Non-inter-level travel turns spent in this place divided by the number of levels of this place that you've seen.
                   A       B       C       D       E      F
               +-------+-------+-------+-------+-------+----------------------
         Total | 100.0 | 100.0 |   9.8 |  21.1 |  49.9 | 1436.7
       Dungeon |  22.6 |  21.5 |  14.2 |   8.5 |  62.6 | 1081.4
        Temple |   0.1 |   0.1 |  43.3 |   0.0 |  94.5 |  55.0
          Lair |  18.0 |  18.7 |   6.4 |  27.4 |  48.8 | 1877.2
     Snake Pit |   7.2 |   7.5 |   5.3 |  17.0 |  58.3 | 1517.3
   Spider Nest |   8.4 |   8.8 |   5.9 |  41.8 |  36.4 | 1764.0
  Orcish Mines |   4.7 |   3.4 |  35.3 |  22.8 |  38.2 | 2033.0
   Elven Halls |   4.7 |   4.5 |  13.8 |  14.0 |  60.3 | 1351.5
        Vaults |  11.5 |  11.9 |   7.2 |  19.2 |  52.6 | 2385.0
        Depths |  10.5 |  10.3 |  11.1 |   9.0 |  60.2 | 1245.2
           Zot |   9.5 |  10.3 |   2.2 |  33.6 |  23.4 | 1242.0
      Ice Cave |   2.8 |   3.1 |   0.0 |  38.7 |  24.4 | 1875.0
               +-------+-------+-------+-------+-------+----------------------

Table legend:
 A = Kills in this place as a percentage of kills in entire the game.
 B = Kills by you in this place as a percentage of kills by you in the entire game.
 C = Kills by friends in this place as a percentage of kills by friends in the entire game.
 D = Other kills in this place as a percentage of other kills in the entire game.
 E = Experience gained in this place as a percentage of experience gained in the entire game.
 F = Experience gained in this place divided by the number of levels of this place that you have seen.
                   A       B       C       D       E      F
               +-------+-------+-------+-------+-------+----------------------
         Total | 100.0 | 100.0 | 100.0 | 100.0 | 100.0 | 34429.2
       Dungeon |  19.9 |  20.9 |  15.3 |   2.8 |   4.9 | 5918.1
          Lair |  10.6 |  10.3 |  19.5 |   2.8 |   4.2 | 10064.7
     Snake Pit |   8.7 |   8.4 |   6.8 |  22.2 |   6.9 | 33399.3
   Spider Nest |   9.2 |   9.6 |   5.9 |   2.8 |   5.8 | 28159.0
  Orcish Mines |   7.0 |   7.1 |   8.5 |   1.4 |   1.4 | 20449.0
   Elven Halls |   4.7 |   4.9 |   3.4 |   2.8 |   4.5 | 32580.5
        Vaults |  15.2 |  15.2 |  14.4 |  18.1 |  18.7 | 90093.3
        Depths |  11.7 |  11.2 |  11.0 |  25.0 |  19.1 | 55161.6
           Zot |  11.2 |  10.8 |  11.0 |  22.2 |  33.9 | 97950.6
      Ice Cave |   1.7 |   1.6 |   4.2 |   0.0 |   0.6 | 8497.0
               +-------+-------+-------+-------+-------+----------------------
